Workbook
Name _MM1: 外注付託依頼書!$R$42
Name _MM10: 外注付託依頼書!$R$51
Name _MM11: 外注付託依頼書!$R$52
Name _MM12: 外注付託依頼書!$R$53
Name _MM13: 外注付託依頼書!$R$54
Name _MM14: 外注付託依頼書!$R$55
Name _MM15: 外注付託依頼書!$R$56
Name _MM16: 外注付託依頼書!$R$57
Name _MM2: 外注付託依頼書!$R$43
Name _MM3: 外注付託依頼書!$R$44
Name _MM4: 外注付託依頼書!$R$45
Name _MM5: 外注付託依頼書!$R$46
Name _MM6: 外注付託依頼書!$R$47
Name _MM7: 外注付託依頼書!$R$48
Name _MM8: 外注付託依頼書!$R$49
Name _MM9: 外注付託依頼書!$R$50
Name ContractorCode: #REF!
Name ContractorCode: 外注付託依頼書!$G$28
Name ContractorName: #REF!
Name ContractorName: 外注付託依頼書!$G$29
Name ContractStyle: #REF!
Name ContractStyle: 外注付託依頼書!$G$25
Name DailyForeignRate: #REF!
Name DailyForeignRate: 外注付託依頼書!$AB$37
Name DailyUnitPriceForeign: #REF!
Name DailyUnitPriceForeign: 外注付託依頼書!$AB$36
Name DailyUnitPriceYen: #REF!
Name DailyUnitPriceYen: 外注付託依頼書!$AB$35
Name DAY_CALC_MM_TOTAL: #REF!
Name DAY_CALC_MM_TOTAL: 外注付託依頼書!$Q$59
Name DAY_CALC_OS_TOTAL: #REF!
Name DAY_CALC_OS_TOTAL: 外注付託依頼書!$V$59
Name ＤＢ状況: 期間変更依頼!$BB$127
Name DB状況: 外注付託依頼書!$AQ$112
Name DispatchPersonName: #REF!
Name DispatchPersonName: 外注付託依頼書!$G$30
Name ETC1ForeignRate: #REF!
Name ETC1ForeignRate: 外注付託依頼書!$AB$62
Name ETC1UnitPriceForeign: #REF!
Name ETC1UnitPriceForeign: 外注付託依頼書!$AB$61
Name ETC1UnitPriceYen: #REF!
Name ETC1UnitPriceYen: 外注付託依頼書!$AB$60
Name ETC2ForeignRate: #REF!
Name ETC2ForeignRate: 外注付託依頼書!$AB$67
Name ETC2UnitPriceForeign: #REF!
Name ETC2UnitPriceForeign: 外注付託依頼書!$AB$66
Name ETC2UnitPriceYen: #REF!
Name ETC2UnitPriceYen: 外注付託依頼書!$AB$65
Name ETC3ForeignRate: #REF!
Name ETC3ForeignRate: 外注付託依頼書!$AB$72
Name ETC3UnitPriceForeign: #REF!
Name ETC3UnitPriceForeign: 外注付託依頼書!$AB$71
Name ETC3UnitPriceYen: #REF!
Name ETC3UnitPriceYen: 外注付託依頼書!$AB$70
Name FRNTotal1: 外注付託依頼書!$AH$28
Name FRNTotal2: 外注付託依頼書!$AH$36
Name FRNTotal3: 外注付託依頼書!$AH$44
Name FRNTotal4: 外注付託依頼書!$AH$61
Name FRNTotal5: 外注付託依頼書!$AH$66
Name FRNTotal6: 外注付託依頼書!$AH$71

Sheet 算出表
J2: 資料3-1
C3: 添付資料３：基準報酬額算出表 | F3: （単位：千円） | I3: 箇所を入力
C5: ●借上要員名 | E5: =[0]!DispatchPersonName -> 田中 健治
C6: ●所属 | E6: =[0]!ContractorName & 外注付託依頼書!S29 -> 有限責任事業組合インフラ・アセット・エンジニアリング
C7: ●業務経験年数 | G7: 年 | H7: NK | I7: =+算出表用テーブル!L16 -> 0 | J7: 相当
C9: a．社内賃率人件費 | I9: =+算出表用テーブル!I16 -> 0 | J9: 千円/月
C11: b．諸経費 | D11: 区分
D12: a | E12: 個人事業者（個人会社・非常勤嘱託）
D13: b | E13: 専業ｺﾝｻﾙﾀﾝﾄ（従業員数10名以下）
D14: c | E14: 専業ｺﾝｻﾙﾀﾝﾄ（従業員数11-50名）
D15: d | E15: 専業ｺﾝｻﾙﾀﾝﾄ（従業員数51名以上）
D16: e | E16: ｺﾝｻﾙﾀﾝﾄ以外の業種（従業員数10名以下）
D17: f | E17: ｺﾝｻﾙﾀﾝﾄ以外の業種（従業員数11-50名）
D18: g | E18: ｺﾝｻﾙﾀﾝﾄ以外の業種（従業員数50名以上）
D19: h1 | E19: ゼネコン
D20: h2 | E20: ゼネコン
D21: h3 | E21: ゼネコン
F23: 区分入力
D24: 諸経費率 | G24: =+算出表用テーブル!J28*100 -> 0 | H24: ％ | I24: =INT(+I9*G24/100) -> 0
C26: c.技術能力・作業条件
C28: １．技術能力
D29: １－１ | E29: 区分
D30: 公的資格 | E30: a | F30: 博士・技術士・PMP・一級建築士・高度情報処理技術者・弁護士・公認会計士・税理士
D31: （証明書添付のこと。添付のない場合はｃ評価。） | E31: b | F31: 業務上有効なその他の資格
E32: c | F32: 有効な資格なし
E33: 区分入力 | I33: =算出表用テーブル!J40 -> 0
D35: １－２ | E35: 英語区分
D36: 語学能力 | E36: a | F36: 840以上
D37: (TOEIC換算） | E37: b | F37: 730-839
D38: （ｽｺｱｼｰﾄ添付のこと。添付のない場合はｃ評価。） | E38: c | F38: 600-729
E39: d | F39: 599以下
E40: その他語学区分
E41: e | F41: 業務上有効なその他の資語学
E43: 区分入力 | F43: 英語 | H43: =+算出表用テーブル!J50 -> 0
F44: その他 | H44: =IF(G44=0,0,IF(G44=E41,30,0)) -> 0 | I44: =+H43+H44 -> 0
J50: 資料3-2
D51: １－３ | E51: 区分
D52: 実績 | E52: aa | F52: 特に優秀
E53: a | F53: 優秀
D54: （ISO直近の事後評価に準拠。評価を行なっていない場合はE評価。） | E54: b | F54: 良い
E55: c | F55: 普通
E56: d | F56: 悪い
E57: e | F57: 特に悪い | H57: 左記基準に従い限度額以内で1万円単位
E58: ｆ | F58: 業績なし | H58: で評価する。
H59: 限度額 | I59: =+算出表用テーブル!J63 -> 0
F60: 区分入力
D62: 技術能力評価合計 | I62: =+I33+I44+I60 -> 0
C64: ２．作業条件
D65: ２－１ | E65: 派遣期間入力 | H65: M/M | I65: =INT(+I9*算出表用テーブル!I76) -> 0
D66: 派遣期間
D68: ２－２ | E68: 区分
D69: 業務内容 | E69: a | F69: 総括・ﾁｰﾑﾘｰﾀﾞｰ
E70: b | F70: 特殊業務
E71: c | F71: 調査・計画業務
E72: d | F72: 設計・施工監理業務
E73: e | F73: その他補助的業務
F75: 区分入力 | I75: =+算出表用テーブル!J83 -> 0
D77: ２－3 | E77: 区分
D78: 作業環境 | E78: a | F78: 3000円以上
D79: （国外旅費規定の特別加給手当基準に準拠） | E79: b | F79: 1500円以上3000円未満
E80: c | F80: 1500円未満
F82: 区分入力 | I82: =+算出表用テーブル!J90 -> 0
D84: 作業条件評価合計 | I84: =+I65+I75+I82 -> 0
D86: c. 技術能力評価・作業条件評価合計 | I86: =+I62+I84 -> 0
C88: ｄ．最終調整
D89: 調整前報酬額 （ａ＋ｂ＋ｃ） | I89: =+I9+I24+I86 -> 0
D91: 加算調整
D92: 減算調整
D93: 日当調整 （ | E93: 当社標準日当を月額150千円とする） | I93: =IF(I89>0,-150,0) -> 0
D94: 調整合計 | I94: =SUM(I91:I93) -> 0
D96: 基準報酬額（日当は含まない） | I96: =I89+I94 -> 0

Sheet 算定書
C2: 箇所を入力 | G2: 平成 | H2: 年 | I2: 月 | J2: 日
G3: Ref. No.
B4: 承認
B5: 事業本部長 | C5: 事業部長 | G5: 部長 | H5: 課長 | I5: 課長
B8: 海外業務部長 | D8: 殿 | G8: =[0]!依頼所属名 -> 道路・橋梁部 | J8: 部・室長
B11: 借上外部要員基準月額算定書
B13: A.ﾌﾟﾛｼﾞｪｸﾄ名 | D13: =[0]!WorkSubjectNameJ -> ベトナム国ハノイ環状3号線整備事業（マイジックｰ南タンロン区間）
B15: B.作業科目 | D15: =[0]!WorkSubjectCode -> JA15R1003 | H15: FUND | I15: 外国政府(LOAN)等 | L15: JICA等
L16: 外国政府（LOAN)等
B18: C.借上要員名 | D18: =+算出表!E5 -> 田中 健治 | H18: 外注形態 | L18: 国内法人
L19: 国内個人
L20: 国外法人
B21: D.所属会社等 | D21: =+算出表!E6 -> 有限責任事業組合インフラ・アセット・エンジニアリング | L21: 国外個人
B23: E.調整前金額/月 | G23: 千円
B25: F.調整額及び率 | E25: =+算出表!I94 -> 0 | G25: 千円 | H25: =IF($E$23=0,0,+E25/$E$23*100) -> 0 | I25: =+F25/F23*100 -> #DIV/0! | J25: ％
B27: （うち、日当調整） | D27: （ | E27: =+算出表!I93 -> 0 | G27: 千円） （ | H27: =IF($E$23=0,0,+E27/$E$23*100) -> 0 | I27: =+F27/F25*100 -> #DIV/0! | J27: ％）
B29: 実質調整額及び率 | E29: =+E25-E27 -> 0 | G29: 千円 | H29: =IF($E$23=0,0,+E29/$E$23*100) -> 0 | I29: =+F29/F27*100 -> #DIV/0! | J29: ％
H31: 通貨 | I31: 月額
B32: G.基準報酬額/月 | E32: =+E23+E27+E29 -> 0 | G32: 千円
B34: H.受注報酬額/月 | G34: 千円
B36: I.発注率 | E36: =IF(E34=0,0,+E32/E34)*100 -> 0 | G36: ％
B38: [参考情報]
B40: J.日当/月 | G40: 千円
B42: K.受注日当額/月 | G42: 千円 | H42: 外貨で受注の場合は、前月末ﾚｰﾄ換算で記載
B45: L.報酬・日当合計額 | E45: =+E32+E40 -> 0 | H45: 参考発注率 | I45: =IF(E45=0,0,IF((E34+E42)=0,0,+E45/(E34+E42))) -> 0
B47: M 同一案件へ同一先からの借上げ情報 | F47: 名 | I47: 千円
E48: 30,000千円以上は値引き交渉を実施のこと。
F51: - | G51: 次葉に続く | H51: -
B63: 以下依頼部で必要事項を全て記入して下さい。
B66: N..日当区分 | C66: □ | D66: 社員に準じる。（US$52/Day)
B67: （注：該当する番号に | C67: □ | D67: JICA等よりの受注日当を全額支払う。
B68: ○を付す） | C68: □ | D68: その他 ( | K68: ）
D70: 支給方法 | F70: 通貨 | G70: □ | H70: 円貨 | I70: □ | J70: 現地貨
F72: 支払先 | G72: □ | H72: 会社振込 | I72: □ | J72: 本人振込
G73: □ | H73: 本人現地払
B75: O.宿泊区分 | C75: □ | D75: 社員に準じる。（US$57/Day)
B76: （注：該当する番号に | C76: □ | D76: JICA等よりの受注日当を全額支払う。
B77: ○を付す） | C77: □ | D77: その他 (
D79: 支給方法 | F79: 通貨 | G79: □ | H79: 円貨 | I79: □ | J79: 現地貨
F81: 支払先 | G81: □ | H81: 会社振込 | I81: □ | J81: 本人振込
G82: □ | H82: 本人現地払
B84: P.基準超過理由 | D84: （実質調整率がプラス場合記入し、5％超の場合は事業部長、10％超の場合は事業本部長の事前承認を受けてから
D85: 発注すること。なお、本フォームは承認後外注付託依頼書に添付のこと。）

Sheet TOR
C5: =IF([0]!ContractorName<>"",[0]!ContractorName,"") -> 有限責任事業組合インフラ・アセット・エンジニアリング | G5: 殿
J8: =IF(外注付託依頼書!AQ49<>"",外注付託依頼書!AQ49,"日本工営株式会社") -> 日本工営株式会社
J9: =IF(外注付託依頼書!AQ50<>"",外注付託依頼書!AQ50,"コンサルタント海外事業本部") -> コンサルタント海外事業本部
J10: =IF(外注付託依頼書!AQ51<>"",外注付託依頼書!AQ51,"事業本部長") -> 事業本部長 | K10: =IF(外注付託依頼書!AQ52<>"",外注付託依頼書!AQ52,"")
C13: 業務内容通知書
C15: =IF([0]!DispatchPersonName<>"",[0]!DispatchPersonName,"") -> 田中 健治 | E15: 様にご依頼致します業務内容は、下記の通りです。宜しくご協力の程お願い申し上げます。
C18: 記
C20: 1. 担当業務 ： | E20: =IF([0]!担当業務<>"",[0]!担当業務,"") -> Cost Estimator
C22: 2. 業務内容 ：
L40: 以 上
D43: ＊ 外人雇用の場合は、上記書類はは本人には手交せず契約書に記載する。したがって、上記ﾌｫｰﾑに拘らず英文にて記載すること。

Sheet 外注付託依頼書
A3: Cb | E3: 黄色箇所を技術者が入力 | AE3: 依頼No | AG3: JA1600301
A4: Ca | AE4: ※変更の場合は、依頼Ｎｏ．を記入
A5: Bb | P5: 外注付託作成依頼書
A6: Ba | AE6: 作成日 | AG6: 42422
A7: Ab | W7: （要員借上用） | AE7: 受付日
A8: Aa | C8: 0 | AE8: 決裁日
C9: 0 | BF9: 郵便番号
BF10: 住所
AE11: 依頼担当者Code | AG11: a5414 | BF11: 仕入先担当部名
AE12: 依頼担当者名 | AG12: 前田 哲哉 | BF12: 仕入先担当者名
AE13: 依頼部Code | AG13: JN0100
C14: 業務部長殿 | AE14: 依頼部名 | AG14: 道路・橋梁部
D19: このたび当部において、下記の作業を外注致したく、外注付託書の代理作成を宜しくお願い致します。 | AP19: 月毎総日数 | AT19: 稼働日数ベース
C20: １．外注付託内訳 | AE20: 受注B/R | AG20: 1750 | AI20: 千円 | AP20: 月 | AQ20: 日 | AR20: 日 | AT20: 月 | AU20: 日 | AV20: 日 | AX20: ＭＭ計算方法 | BA20: ＭＭ計算方法 | BB20: 予算措置 | BG20: 通貨 | BH20: 単位１ | BI20: 単位２ | BJ20: 外人契約交渉状況 | BK20: 日当区分 | BL20: 日当支給方法 | BM20: 日当支払先 | BN20: 宿泊費区分 | BO20: 宿泊費支給方法 | BP20: 宿泊費支払先 | BQ20: 航空券支給方法 | BR20: クラス | BS20: その他経費支給方法 | BT20: 海外旅行傷害保険 | BU20: 居住区分 | BV20: 従業員区分 | BW20: 源泉税徴収 | BX20: 個人所得税説明レター送付 | BY20: その他単位 | BZ20: 改め計 | CA20: 消費税 | CB20: 基準月額算定書 | CC20: 支給区分 | CE20: 支払条件
C21: 作業件名 | G21: （和文） | L21: ベトナム国ハノイ環状3号線整備事業（マイジックｰ南タンロン区間） | AE21: 発注B/R | AG21: 900 | AI21: 千円 | AP21: 1 | AQ21: 31 | AR21: 31 | AT21: 1 | AU21: 1.03 | AX21: 稼働日ベース | BA21: 国内 | BB21: 契約稼働 | BG21: \ | BH21: 月 | BI21: M/M | BJ21: 以下の条件で合意済 | BK21: 以下の通り支給 | BL21: 円貨 | BM21: 会社振込 | BN21: 以下の通り支給 | BO21: 円貨 | BP21: 会社振込 | BQ21: ＮＫ本社にて支給 | BR21: ディスカウントエコノミー | BS21: 下記の経費は実費精算 | BT21: ＮＫ付保 | BU21: 居住 | BV21: アソシエイツ | BW21: 対象 | BX21: 対象 | BY21: 式 | BZ21: 対象 | CA21: 対象 | CB21: 必要 | CC21: 月額報酬 | CE21: 月末締め翌月20日全額現金払
G22: （英文） | AE22: 発注率 | AG22: =発注BR/受注BR*100 -> 51.428571 | AI22: ％ | AP22: 2 | AQ22: 28 | AR22: 28 | AT22: 2 | AU22: 0.93 | AX22: 月ベース | BA22: 国外 | BB22: 非契約稼働（持出：理由を記入） | BG22: $ | BH22: 日 | BI22: M/D | BJ22: 以下の条件を上限として交渉を依頼 | BK22: JICA規定額を以下の通り支給 | BL22: 外貨 | BM22: 本人へ支払 | BN22: JICA規定額を支給 | BO22: 外貨 | BP22: 本人へ支払 | BQ22: ＰＴＡ | BR22: ノーマルエコノミー | BS22: 下記の金額を上限に実費精算 | BT22: ＮＫ負担で相手先付保 | BU22: 非居住 | BV22: 契約社員B | BW22: 対象外 | BX22: 対象外 | BY22: 本 | BZ22: 対象外 | CA22: 対象外 | CB22: 不要（右をチェック） | CC22: 日当 | CE22: 月末締め翌月20日全額現金払、ただし200万円以上の出来高払いは、１／３を120日サイトの約束手形払いとする
G23: 原契約契約日 | Q23: 作業科目 | U23: JA15R1003 | Y23: 発注条件 | AK23: 90000205 | AP23: 3 | AQ23: 31 | AR23: 31 | AT23: 3 | AU23: 1.03 | BB23: その他（他流用等理由を記入） | BG23: ￡ | BH23: 時間 | BI23: M/H | BK23: 社員に準じて以下の通り支給 | BM23: 本人へ現地払 | BN23: 社員に準じて支給 | BP23: 本人へ現地払 | BQ23: 相手先購入（実費精算：指定ルートが有る場合は下記ルート欄に記入） | BR23: ディスカウントビジネス | BS23: 下記の通り支給 | BT23: 相手先負担、相手先付保 | BU23: 居住扱 | BV23: 嘱託 | BY23: 枚 | CC23: 宿泊 | CE23: 月末締め翌月23日全額現金払
G24: 受注先および資金源 | L24: PMU Thang Long (資金源：JICA円借款） | AK24: 90000211 | AP24: 4 | AQ24: 30 | AR24: 30 | AT24: 4 | AU24: 1 | BH24: 式 | BI24: 式 | BK24: 支給しない | BN24: 支給しないが宿舎提供 | BQ24: 支給しない | BR24: ノーマルビジネス | BY24: 冊 | CE24: 月末締め翌月27日全額現金払
C25: 契約形態 | G25: 国内個人 | L25: 予算措置 | N25: 契約稼働 | Y25: 90000205 | Z25: 発注報酬額 | AB25: 備考： | AK25: 90000212 | AP25: 5 | AQ25: 31 | AR25: 31 | AT25: 5 | AU25: 1.03 | BH25: 回 | BI25: 回 | BK25: J'sNAVIにて精算 | BN25: 支給しない | BQ25: その他（その他に記入） | BY25: 回 | CE25: 月末締め翌月27日に支払金額の3割を120日サイトの約束手形払いとする
L26: 理由記入（ | AK26: 90000213 | AP26: 6 | AQ26: 30 | AR26: 30 | AT26: 6 | AU26: 1 | BN26: J'sNAVIにて精算 | CE26: 月末締め翌月27日に支払金額の4割を120日サイトの約束手形払いとする
C27: 作業内容 | G27: B.設計 | X27: ） | AA27: 通貨 | AB27: 単価 | AD27: 数量 | AE27: 単位 | AK27: 90000214 | AP27: 7 | AQ27: 31 | AR27: 31 | AT27: 7 | AU27: 1.03 | BG27: 契約形態 | CE27: 月末締め翌月27日に支払金額の5割を120日サイトの約束手形払いとする
C28: 選定外注業者ｺｰﾄﾞ | Z28: 単価（入力） | AA28: JPY | AB28: 900000 | AC28: X | AD28: 4 | AE28: M/M | AF28: = | AG28: =通貨区分1 -> JPY | AH28: =単価1*工数1 -> 3600000 | AK28: 90000219 | AP28: 8 | AQ28: 31 | AR28: 31 | AT28: 8 | AU28: 1.03 | BG28: 国内法人 | CE28: 月末締め翌月27日に支払金額の6割を120日サイトの約束手形払いとする
C29: 選定業者名 | G29: 有限責任事業組合インフラ・アセット・エンジニアリング | AK29: 90000265 | AP29: 9 | AQ29: 30 | AR29: 30 | AT29: 9 | AU29: 1 | BG29: 国内個人 | CE29: 月末締め翌月27日に支払金額の7割を120日サイトの約束手形払いとする
C30: 業務担当予定者氏名 | G30: 田中 健治 | AK30: 90000271 | AP30: 10 | AQ30: 31 | AR30: 31 | AT30: 10 | AU30: 1.03 | BG30: 国外法人 | CE30: 月末締め翌月27日全額現金払、ただし300万円以上の出来高払いは、１／３を60日サイトの約束手形払いとする
C31: 国籍 | M31: 連絡先氏名 | Y31: 90000214 | Z31: 日当 | AA31: 1.区分 | AC31: 社員に準じて以下の通り支給 | AK31: 90000272 | AP31: 11 | AQ31: 30 | AR31: 30 | AT31: 11 | AU31: 1 | BG31: 国外個人 | CE31: 月末締め翌月27日に支払金額の7割を90日サイトの約束手形払とする
C32: 電話番号 | M32: E-MAIL | AA32: 2.支給方法 | AC32: 外貨 | AK32: 90000274 | AP32: 12 | AQ32: 31 | AR32: 31 | AT32: 12 | AU32: 1.03 | CE32: 月末締め翌月27日に全額を90日サイトの約束手形払とする
C33: ファックス | AA33: 3.支払先 | AC33: 会社振込 | AK33: 90000275 | CE33: 月末締め翌月27日に全額を120日サイトの約束手形払いとする
C34: 担当業務 | G34: Cost Estimator | AA34: 4.備考 | AC34: 現地仮払可とする | AK34: 90000276 | AP34: 作業内容 | AQ34: 作業区分 | AS34: FUND | CE34: 月末締め翌月月末全額現金払
AA35: 通貨 | AB35: 単価 | AD35: 数量 | AE35: 単位 | AK35: 90000277 | AP35: A.調査 | AQ35: 法人 | AS35: JICA等 | CE35: 月末締め翌月月末全額現金払、ただし300万円以上の出来高払いは、１／３を60日サイトの約束手形払いとする
Z36: 単価（入力） | AA36: USD | AB36: 52 | AC36: X | AD36: 120 | AE36: M/D | AF36: = | AG36: =通貨区分2 -> USD | AH36: =DailyUnitPriceForeign*工数2 -> 6240 | AK36: 90000278 | AP36: B.設計 | AQ36: 個人 | AS36: 外国政府（LOAN)等 | CE36: 月末締め翌月月末全額現金払、ただし200万円以上の出来高払いは、１／３を120日サイトの約束手形払いとする
C37: ２.契約期間明細 | AP37: C.設計・管理 | CE37: 交際費・会議費払
AP38: D.監督 | CE38: 20日締め翌月27日全額現金払
C39: 日数計算 | F39: ( | G39: 外国政府（LOAN)等 | L39: ) | Y39: 90000214 | Z39: 宿泊費 | AA39: 1. 区分 | AC39: 社員に準じて支給 | AP39: E.その他 | CE39: 20日締め翌月27日に支払金額の3割を120日サイトの約束手形払いとする
AA40: 2.支給方法 | AC40: 外貨 | CE40: 20日締め翌月27日に支払金額の4割を120日サイトの約束手形払いとする
C41: 作業場所 | F41: 作業期間 | R41: M/M | U41: 稼働日 | W41: 海外日 | AA41: 3.支払先 | AC41: 会社振込 | CE41: 20日締め翌月27日に支払金額の5割を120日サイトの約束手形払いとする
D42: 国外 | F42: 42324 | K42: - | L42: 42352 | Q42: ( | R42: =IF($G$39="JICA等",IF(U42=DATEDIF(DATE(YEAR(L42),MONTH(L42),1),DATE(YEAR(L42),MONTH(L42)+1,1),"D"),ROUND(U42/30,2),ROUND(U42/30,2)),IF(U42=DATEDIF(DATE(YEAR(L42),MONTH(L42),1),DATE(YEAR(L42),MONTH(L42)+1,1),"D"),ROUND(30/30,2),IF(MONTH(L42)=2,ROUND(1-((DATEDIF(DATE(YEAR(L42),MONTH(L42),1),DATE(YEAR(L42),MONTH(L42)+1,1),"D")-U42)/30),2),ROUND(U42/30,2)))) -> 0.97 | S42: ) | U42: =IF(AND(F42<>"",L42<>""),1+DATEDIF(F42,L42,"D"),0) -> 29 | W42: =IF(AND(D42<>"",D42<>"国内"),U42,"") -> 29 | AA42: 4.備考 | AC42: 現地仮払可とする | CE42: 20日締め翌月27日に支払金額の6割を120日サイトの約束手形払いとする
D43: 国外 | F43: 42358 | K43: - | L43: 42396 | Q43: ( | R43: =IF($G$39="JICA等",IF(U43=DATEDIF(DATE(YEAR(L43),MONTH(L43),1),DATE(YEAR(L43),MONTH(L43)+1,1),"D"),ROUND(U43/30,2),ROUND(U43/30,2)),IF(U43=DATEDIF(DATE(YEAR(L43),MONTH(L43),1),DATE(YEAR(L43),MONTH(L43)+1,1),"D"),ROUND(30/30,2),IF(MONTH(L43)=2,ROUND(1-((DATEDIF(DATE(YEAR(L43),MONTH(L43),1),DATE(YEAR(L43),MONTH(L43)+1,1),"D")-U43)/30),2),ROUND(U43/30,2)))) -> 1.3 | S43: ) | U43: =IF(AND(F43<>"",L43<>""),1+DATEDIF(F43,L43,"D"),0) -> 39 | W43: =IF(AND(D43<>"",D43<>"国内"),U43,"") -> 39 | AA43: 通貨 | AB43: 単価 | AD43: 数量 | AE43: 単位 | CE43: 20日締め翌月27日に支払金額の7割を120日サイトの約束手形払いとする
D44: 国外 | F44: 42428 | K44: - | L44: 42449 | Q44: ( | R44: =IF($G$39="JICA等",IF(U44=DATEDIF(DATE(YEAR(L44),MONTH(L44),1),DATE(YEAR(L44),MONTH(L44)+1,1),"D"),ROUND(U44/30,2),ROUND(U44/30,2)),IF(U44=DATEDIF(DATE(YEAR(L44),MONTH(L44),1),DATE(YEAR(L44),MONTH(L44)+1,1),"D"),ROUND(30/30,2),IF(MONTH(L44)=2,ROUND(1-((DATEDIF(DATE(YEAR(L44),MONTH(L44),1),DATE(YEAR(L44),MONTH(L44)+1,1),"D")-U44)/30),2),ROUND(U44/30,2)))) -> 0.73 | S44: ) | U44: =IF(AND(F44<>"",L44<>""),1+DATEDIF(F44,L44,"D"),0) -> 22 | W44: =IF(AND(D44<>"",D44<>"国内"),U44,"") -> 22 | Z44: 単価（入力） | AA44: USD | AB44: 6588 | AC44: X | AD44: 1 | AE44: 式 | AF44: = | AG44: =通貨区分3 -> USD | AH44: =StayUnitPriceForeign*工数3 -> 6588 | CE44: 20日締め翌月27日に支払金額の7割を90日サイトの約束手形払とする
D45: 国外 | F45: 42522 | K45: - | L45: 42551 | Q45: ( | R45: =IF($G$39="JICA等",IF(U45=DATEDIF(DATE(YEAR(L45),MONTH(L45),1),DATE(YEAR(L45),MONTH(L45)+1,1),"D"),ROUND(U45/30,2),ROUND(U45/30,2)),IF(U45=DATEDIF(DATE(YEAR(L45),MONTH(L45),1),DATE(YEAR(L45),MONTH(L45)+1,1),"D"),ROUND(30/30,2),IF(MONTH(L45)=2,ROUND(1-((DATEDIF(DATE(YEAR(L45),MONTH(L45),1),DATE(YEAR(L45),MONTH(L45)+1,1),"D")-U45)/30),2),ROUND(U45/30,2)))) -> 1 | S45: ) | U45: =IF(AND(F45<>"",L45<>""),1+DATEDIF(F45,L45,"D"),0) -> 30 | W45: =IF(AND(D45<>"",D45<>"国内"),U45,"") -> 30 | AA45: USD57*30日+USD51*30日+USD48*8日+USD57*22日+USD57*30日 | CE45: 20日締め翌月27日に全額を90日サイトの約束手形払とする
K46: - | Q46: ( | R46: =IF($G$39="JICA等",IF(U46=DATEDIF(DATE(YEAR(L46),MONTH(L46),1),DATE(YEAR(L46),MONTH(L46)+1,1),"D"),ROUND(U46/30,2),ROUND(U46/30,2)),IF(U46=DATEDIF(DATE(YEAR(L46),MONTH(L46),1),DATE(YEAR(L46),MONTH(L46)+1,1),"D"),ROUND(30/30,2),IF(MONTH(L46)=2,ROUND(1-((DATEDIF(DATE(YEAR(L46),MONTH(L46),1),DATE(YEAR(L46),MONTH(L46)+1,1),"D")-U46)/30),2),ROUND(U46/30,2)))) -> 0 | S46: ) | U46: =IF(AND(F46<>"",L46<>""),1+DATEDIF(F46,L46,"D"),0) -> 0 | W46: =IF(AND(D46<>"",D46<>"国内"),U46,"") | CE46: 20日締め翌月27日に全額を120日サイトの約束手形払いとする
K47: - | Q47: ( | R47: =IF($G$39="JICA等",IF(U47=DATEDIF(DATE(YEAR(L47),MONTH(L47),1),DATE(YEAR(L47),MONTH(L47)+1,1),"D"),ROUND(U47/30,2),ROUND(U47/30,2)),IF(U47=DATEDIF(DATE(YEAR(L47),MONTH(L47),1),DATE(YEAR(L47),MONTH(L47)+1,1),"D"),ROUND(30/30,2),IF(MONTH(L47)=2,ROUND(1-((DATEDIF(DATE(YEAR(L47),MONTH(L47),1),DATE(YEAR(L47),MONTH(L47)+1,1),"D")-U47)/30),2),ROUND(U47/30,2)))) -> 0 | S47: ) | U47: =IF(AND(F47<>"",L47<>""),1+DATEDIF(F47,L47,"D"),0) -> 0 | W47: =IF(AND(D47<>"",D47<>"国内"),U47,"") | Y47: 90000214 | Z47: 航空券 | AA47: ＮＫ本社にて支給
K48: - | Q48: ( | R48: =IF($G$39="JICA等",IF(U48=DATEDIF(DATE(YEAR(L48),MONTH(L48),1),DATE(YEAR(L48),MONTH(L48)+1,1),"D"),ROUND(U48/30,2),ROUND(U48/30,2)),IF(U48=DATEDIF(DATE(YEAR(L48),MONTH(L48),1),DATE(YEAR(L48),MONTH(L48)+1,1),"D"),ROUND(30/30,2),IF(MONTH(L48)=2,ROUND(1-((DATEDIF(DATE(YEAR(L48),MONTH(L48),1),DATE(YEAR(L48),MONTH(L48)+1,1),"D")-U48)/30),2),ROUND(U48/30,2)))) -> 0 | S48: ) | U48: =IF(AND(F48<>"",L48<>""),1+DATEDIF(F48,L48,"D"),0) -> 0 | W48: =IF(AND(D48<>"",D48<>"国内"),U48,"") | AA48: その他
K49: - | Q49: ( | R49: =IF($G$39="JICA等",IF(U49=DATEDIF(DATE(YEAR(L49),MONTH(L49),1),DATE(YEAR(L49),MONTH(L49)+1,1),"D"),ROUND(U49/30,2),ROUND(U49/30,2)),IF(U49=DATEDIF(DATE(YEAR(L49),MONTH(L49),1),DATE(YEAR(L49),MONTH(L49)+1,1),"D"),ROUND(30/30,2),IF(MONTH(L49)=2,ROUND(1-((DATEDIF(DATE(YEAR(L49),MONTH(L49),1),DATE(YEAR(L49),MONTH(L49)+1,1),"D")-U49)/30),2),ROUND(U49/30,2)))) -> 0 | S49: ) | U49: =IF(AND(F49<>"",L49<>""),1+DATEDIF(F49,L49,"D"),0) -> 0 | W49: =IF(AND(D49<>"",D49<>"国内"),U49,"") | AA49: クラス | AB49: ディスカウントビジネス
K50: - | Q50: ( | R50: =IF($G$39="JICA等",IF(U50=DATEDIF(DATE(YEAR(L50),MONTH(L50),1),DATE(YEAR(L50),MONTH(L50)+1,1),"D"),ROUND(U50/30,2),ROUND(U50/30,2)),IF(U50=DATEDIF(DATE(YEAR(L50),MONTH(L50),1),DATE(YEAR(L50),MONTH(L50)+1,1),"D"),ROUND(30/30,2),IF(MONTH(L50)=2,ROUND(1-((DATEDIF(DATE(YEAR(L50),MONTH(L50),1),DATE(YEAR(L50),MONTH(L50)+1,1),"D")-U50)/30),2),ROUND(U50/30,2)))) -> 0 | S50: ) | U50: =IF(AND(F50<>"",L50<>""),1+DATEDIF(F50,L50,"D"),0) -> 0 | W50: =IF(AND(D50<>"",D50<>"国内"),U50,"") | AB50: ルート | AC50: 東京-ハノイ
K51: - | Q51: ( | R51: =IF($G$39="JICA等",IF(U51=DATEDIF(DATE(YEAR(L51),MONTH(L51),1),DATE(YEAR(L51),MONTH(L51)+1,1),"D"),ROUND(U51/30,2),ROUND(U51/30,2)),IF(U51=DATEDIF(DATE(YEAR(L51),MONTH(L51),1),DATE(YEAR(L51),MONTH(L51)+1,1),"D"),ROUND(30/30,2),IF(MONTH(L51)=2,ROUND(1-((DATEDIF(DATE(YEAR(L51),MONTH(L51),1),DATE(YEAR(L51),MONTH(L51)+1,1),"D")-U51)/30),2),ROUND(U51/30,2)))) -> 0 | S51: ) | U51: =IF(AND(F51<>"",L51<>""),1+DATEDIF(F51,L51,"D"),0) -> 0 | W51: =IF(AND(D51<>"",D51<>"国内"),U51,"") | AB51: 備考 （ | AC51: 総額252,000円/往復を上限とする | AI51: ）
K52: - | Q52: ( | R52: =IF($G$39="JICA等",IF(U52=DATEDIF(DATE(YEAR(L52),MONTH(L52),1),DATE(YEAR(L52),MONTH(L52)+1,1),"D"),ROUND(U52/30,2),ROUND(U52/30,2)),IF(U52=DATEDIF(DATE(YEAR(L52),MONTH(L52),1),DATE(YEAR(L52),MONTH(L52)+1,1),"D"),ROUND(30/30,2),IF(MONTH(L52)=2,ROUND(1-((DATEDIF(DATE(YEAR(L52),MONTH(L52),1),DATE(YEAR(L52),MONTH(L52)+1,1),"D")-U52)/30),2),ROUND(U52/30,2)))) -> 0 | S52: ) | U52: =IF(AND(F52<>"",L52<>""),1+DATEDIF(F52,L52,"D"),0) -> 0 | W52: =IF(AND(D52<>"",D52<>"国内"),U52,"") | AB52: 渡航回数： | AD52: 往復× | AE52: 3 | AG52: 片道×
K53: - | Q53: ( | R53: =IF($G$39="JICA等",IF(U53=DATEDIF(DATE(YEAR(L53),MONTH(L53),1),DATE(YEAR(L53),MONTH(L53)+1,1),"D"),ROUND(U53/30,2),ROUND(U53/30,2)),IF(U53=DATEDIF(DATE(YEAR(L53),MONTH(L53),1),DATE(YEAR(L53),MONTH(L53)+1,1),"D"),ROUND(30/30,2),IF(MONTH(L53)=2,ROUND(1-((DATEDIF(DATE(YEAR(L53),MONTH(L53),1),DATE(YEAR(L53),MONTH(L53)+1,1),"D")-U53)/30),2),ROUND(U53/30,2)))) -> 0 | S53: ) | U53: =IF(AND(F53<>"",L53<>""),1+DATEDIF(F53,L53,"D"),0) -> 0 | W53: =IF(AND(D53<>"",D53<>"国内"),U53,"")
K54: - | Q54: ( | R54: =IF($G$39="JICA等",IF(U54=DATEDIF(DATE(YEAR(L54),MONTH(L54),1),DATE(YEAR(L54),MONTH(L54)+1,1),"D"),ROUND(U54/30,2),ROUND(U54/30,2)),IF(U54=DATEDIF(DATE(YEAR(L54),MONTH(L54),1),DATE(YEAR(L54),MONTH(L54)+1,1),"D"),ROUND(30/30,2),IF(MONTH(L54)=2,ROUND(1-((DATEDIF(DATE(YEAR(L54),MONTH(L54),1),DATE(YEAR(L54),MONTH(L54)+1,1),"D")-U54)/30),2),ROUND(U54/30,2)))) -> 0 | S54: ) | U54: =IF(AND(F54<>"",L54<>""),1+DATEDIF(F54,L54,"D"),0) -> 0 | W54: =IF(AND(D54<>"",D54<>"国内"),U54,"") | Y54: 90000214 | Z54: 海外旅行傷害保険
K55: - | Q55: ( | R55: =IF($G$39="JICA等",IF(U55=DATEDIF(DATE(YEAR(L55),MONTH(L55),1),DATE(YEAR(L55),MONTH(L55)+1,1),"D"),ROUND(U55/30,2),ROUND(U55/30,2)),IF(U55=DATEDIF(DATE(YEAR(L55),MONTH(L55),1),DATE(YEAR(L55),MONTH(L55)+1,1),"D"),ROUND(30/30,2),IF(MONTH(L55)=2,ROUND(1-((DATEDIF(DATE(YEAR(L55),MONTH(L55),1),DATE(YEAR(L55),MONTH(L55)+1,1),"D")-U55)/30),2),ROUND(U55/30,2)))) -> 0 | S55: ) | U55: =IF(AND(F55<>"",L55<>""),1+DATEDIF(F55,L55,"D"),0) -> 0 | W55: =IF(AND(D55<>"",D55<>"国内"),U55,"") | AA55: ＮＫ付保
K56: - | Q56: ( | R56: =IF($G$39="JICA等",IF(U56=DATEDIF(DATE(YEAR(L56),MONTH(L56),1),DATE(YEAR(L56),MONTH(L56)+1,1),"D"),ROUND(U56/30,2),ROUND(U56/30,2)),IF(U56=DATEDIF(DATE(YEAR(L56),MONTH(L56),1),DATE(YEAR(L56),MONTH(L56)+1,1),"D"),ROUND(30/30,2),IF(MONTH(L56)=2,ROUND(1-((DATEDIF(DATE(YEAR(L56),MONTH(L56),1),DATE(YEAR(L56),MONTH(L56)+1,1),"D")-U56)/30),2),ROUND(U56/30,2)))) -> 0 | S56: ) | U56: =IF(AND(F56<>"",L56<>""),1+DATEDIF(F56,L56,"D"),0) -> 0 | W56: =IF(AND(D56<>"",D56<>"国内"),U56,"") | AA56: *借上者の保険については、基本的に下記の通り選択して下さい。
K57: - | Q57: ( | R57: =IF($G$39="JICA等",IF(U57=DATEDIF(DATE(YEAR(L57),MONTH(L57),1),DATE(YEAR(L57),MONTH(L57)+1,1),"D"),ROUND(U57/30,2),ROUND(U57/30,2)),IF(U57=DATEDIF(DATE(YEAR(L57),MONTH(L57),1),DATE(YEAR(L57),MONTH(L57)+1,1),"D"),ROUND(30/30,2),IF(MONTH(L57)=2,ROUND(1-((DATEDIF(DATE(YEAR(L57),MONTH(L57),1),DATE(YEAR(L57),MONTH(L57)+1,1),"D")-U57)/30),2),ROUND(U57/30,2)))) -> 0 | S57: ) | U57: =IF(AND(F57<>"",L57<>""),1+DATEDIF(F57,L57,"D"),0) -> 0 | W57: =IF(AND(D57<>"",D57<>"国内"),U57,"") | Z57: 個人借上者→NK付保･負担 / 法人所属の借上者→相手先付保･負担（NK付保は不可）
Z58: その他経費 | AF58: 支払い条件
O59: total | Q59: =ROUND(SUM(R42:R58),2) -> 4 | T59: =SUM(U42:U57) -> 120 | V59: =SUM(W42:W57) -> 120 | Y59: 【１】
Y60: 90000214 | AA60: 通貨 | AB60: 単価 | AD60: 数量 | AE60: 単位
C61: ３．特記事項（手入力） | Z61: 単価（入力） | AC61: X | AF61: = | AG61: =通貨区分4 -> 0 | AH61: =ETC1UnitPriceForeign*工数4 -> 0
D63: 本付託書は2015年11月5日に作成した付託書の変更版である。 | AF63: 支払い条件
D64: 2015/12/15～2015/12/19は本人都合の中抜けのため、全ての費用は本人負担とする。 | Y64: 【２】
D65: 勤務時間：元契約に準じ、44時間/週とする。 | Y65: 90000214 | AA65: 通貨 | AB65: 単価 | AD65: 数量 | AE65: 単位
D66: （月-金：8:00-12:00、13:00-17:00、土：8:00-12:00） | Z66: 単価（入力） | AC66: X | AF66: = | AG66: =通貨区分5 -> 0 | AH66: =ETC2UnitPriceForeign*工数5 -> 0
AB68: 0 | AF68: 支払い条件
Y69: 【３】
Y70: 90000214 | AA70: 通貨 | AB70: 単価 | AD70: 数量 | AE70: 単位
C71: ４．添付書類 | Z71: 単価（入力） | AC71: X | AF71: = | AG71: =通貨区分6 -> 0 | AH71: =ETC3UnitPriceForeign*工数6 -> 0
Y75: 合計 | AE75: =SUM(AH27,IF(AC31="支給しない",0,IF(AC31="J'sNAVIにて精算",0,AH35)),IF(OR(AC39="支給しないが宿舎提供",AC39="支給しない"),0,IF(AC39="J'sNAVIにて精算",0,AH43)),IF(OR(Z59="使用目的を入力",Z59=""),0,AH60),,IF(OR(Z64="使用目的を入力",Z64=""),0,AH65),IF(OR(Z69="使用目的を入力",Z69=""),0,AH70)) -> 0
D76: ※実行予算の添付が無い場合その理由を記載すること
D77: 理由：（ | X77: ） | Y77: 消費税 | AA77: 税率 | AB77: 0.08 | AE77: =ROUNDDOWN((本体額*消費税率combobox),0) -> 0
Y78: 発注額合計 | AE78: =AE75+AE77 -> 0
Y79: 事前評価 | AE79: ※以下、業務部使用欄
AE80: 従業員区分
AE81: 居住区分 | AG81: 居住
AE82: 源泉税徴収 | AG82: 対象外
D84: ※1～5は必ず添付。7はあれば添付。6.8は該当時添付。
F86: 当該発注により実行予算予定原価に10%以上の変動がある場合は、変更実行予算を作成する。
C96: 発注情報入力項目【事務部門入力項目】
C97: 項目名 | I97: 入力欄
C98: 発注年月日 | AQ98: 完成後一括払 | AR98: 対象 | AS98: 可
C99: 事業領域 | I99: JA | Z99: AA | AQ99: 部分払 | AR99: 対象外 | AS99: 否
C100: 支払条件 | Z100: BA | AQ100: 出来高払
C101: 出来高区分 | I101: 出来高払 | Z101: CA | AQ101: 分割払
C102: 源泉徴収フラグ | I102: 対象 | Z102: DA | AQ102: 完納払
C103: 発注担当者code | Z103: DC | AQ103: 竣工払
C104: 注文書発行フラグ | I104: 否 | Z104: DF
C105: 請書発行フラグ | I105: 否 | Z105: DG
C106: 請求書発行フラグ | I106: 否 | Z106: DH
C107: 納品書発行フラグ | I107: 否 | Z107: DJ
C108: 摘要 | Z108: DM
Z109: DP
Z110: DS
Z111: DT | AR111: 税率 | AS111: 税区分Code
C112: 見積額 | I112: =改め発注金額 -> 0 | Z112: JA | AQ112: 1 | AR112: 0.08 | AS112: 07
Z113: PA | AR113: 0.05 | AS113: 01
Z114: PC | AQ114: 0 | AR114: 0 | AS114: 03
Z115: PD | AQ115: 0
Z116: PE
Z117: TA
C120: メール送信内容
C121: 宛先 | I121: =IF(依頼担当者Code="","",依頼担当者Code&"@n-koei.co.jp") -> a5414@n-koei.co.jp
C122: 件名 | I122: ="【発注情報確認のお知らせ】（依頼番号："&依頼番号&"）" -> 【発注情報確認のお知らせ】（依頼番号：JA1600301）
C123: ＣＣ（最大4名まで送信可）
C124: 差出人
...

Sheet _注文書
I1: 注 文 書
AF4: =IF(外注付託依頼書!$I$98<>"",外注付託依頼書!$I$98,"")
A5: （乙） | AF5: =IF(外注付託依頼書!$AG$3<>"","注文No:"&外注付託依頼書!$AG$3,"") -> 注文No:JA1600301
A6: =IF(外注付託依頼書!$BG$9<>"",外注付託依頼書!$BG$9,"")
B7: =IF(外注付託依頼書!$BG$10<>"",外注付託依頼書!$BG$10,"") | AE7: （甲）
A8: =IF(ContractorName<>"",ContractorName,"") -> 有限責任事業組合インフラ・アセット・エンジニアリング | AE8: =外注付託依頼書!AQ53 -> 0
R9: 御中 | AE9: =外注付託依頼書!AQ54 -> 0
C10: =IF(外注付託依頼書!G28<>"","（"&外注付託依頼書!G28&")","") | AE10: =外注付託依頼書!AQ49 -> 0
AE11: =外注付託依頼書!AQ50 -> 0
AE12: =外注付託依頼書!AQ51 & " " & 外注付託依頼書!AQ52
B14: このたび、下記の通り貴社（貴殿）に委託することとなりましたのでご通知いたします。つきましては、別添請書に
B15: 所要事項を記入し、記名捺印の上当社宛一部ご提出ください。
A17: 記
A19: =IF(ContractStyle="国内法人","１．業務担当予定者氏名(丙) ：","１．業務担当予定者氏名 ：") -> １．業務担当予定者氏名 ： | L19: =IF(DispatchPersonName<>"",DispatchPersonName,"") -> 田中 健治
B20: =IF(外注付託依頼書!$G$28<>"","（"& RIGHT(外注付託依頼書!$G$28,5) &"）","")
A21: ２．件名 ： | F21: =IF(WorkSubjectNameJ<>"",WorkSubjectNameJ,"") -> ベトナム国ハノイ環状3号線整備事業（マイジックｰ南タンロン区間）
B22: =IF([0]!WorkSubjectCode<>"","（"&[0]!WorkSubjectCode&"）","") -> （JA15R1003）
A23: ３．担当業務 ： | H23: =IF(担当業務<>"",CONCATENATE(担当業務,"（業務内容は業務内容通知書の通り）"),"") -> Cost Estimator（業務内容は業務内容通知書の通り）
A25: ４．業務委託期間：
F26: 作業場所 | N26: 作業期間 | AF26: M/M
F27: =IF(外注付託依頼書!D42<>"",外注付託依頼書!D42,"") -> 国外 | N27: =IF(外注付託依頼書!F42<>"",外注付託依頼書!F42,"") -> 42324 | V27: ～ | X27: =IF(外注付託依頼書!L42<>"",外注付託依頼書!L42,"") -> 42352 | AF27: （ | AG27: =IF(外注付託依頼書!R42,外注付託依頼書!R42,"") -> 0.97 | AL27: ）
F28: =IF(外注付託依頼書!D43<>"",外注付託依頼書!D43,"") -> 国外 | N28: =IF(外注付託依頼書!F43<>"",外注付託依頼書!F43,"") -> 42358 | V28: ～ | X28: =IF(外注付託依頼書!L43<>"",外注付託依頼書!L43,"") -> 42396 | AF28: （ | AG28: =IF(外注付託依頼書!R43,外注付託依頼書!R43,"") -> 1.3 | AL28: ）
F29: =IF(外注付託依頼書!D44<>"",外注付託依頼書!D44,"") -> 国外 | N29: =IF(外注付託依頼書!F44<>"",外注付託依頼書!F44,"") -> 42428 | V29: ～ | X29: =IF(外注付託依頼書!L44<>"",外注付託依頼書!L44,"") -> 42449 | AF29: （ | AG29: =IF(外注付託依頼書!R44,外注付託依頼書!R44,"") -> 0.73 | AL29: ）
F30: =IF(外注付託依頼書!D45<>"",外注付託依頼書!D45,"") -> 国外 | N30: =IF(外注付託依頼書!F45<>"",外注付託依頼書!F45,"") -> 42522 | V30: ～ | X30: =IF(外注付託依頼書!L45<>"",外注付託依頼書!L45,"") -> 42551 | AF30: （ | AG30: =IF(外注付託依頼書!R45,外注付託依頼書!R45,"") -> 1 | AL30: ）
F31: =IF(外注付託依頼書!D46<>"",外注付託依頼書!D46,"") | N31: =IF(外注付託依頼書!F46<>"",外注付託依頼書!F46,"") | V31: ～ | X31: =IF(外注付託依頼書!L46<>"",外注付託依頼書!L46,"") | AF31: （ | AG31: =IF(外注付託依頼書!R46,外注付託依頼書!R46,"") | AL31: ）
F32: =IF(外注付託依頼書!D47<>"",外注付託依頼書!D47,"") | N32: =IF(外注付託依頼書!F47<>"",外注付託依頼書!F47,"") | V32: ～ | X32: =IF(外注付託依頼書!L47<>"",外注付託依頼書!L47,"") | AF32: （ | AG32: =IF(外注付託依頼書!R47,外注付託依頼書!R47,"") | AL32: ）
F33: =IF(外注付託依頼書!D48<>"",外注付託依頼書!D48,"") | N33: =IF(外注付託依頼書!F48<>"",外注付託依頼書!F48,"") | V33: ～ | X33: =IF(外注付託依頼書!L48<>"",外注付託依頼書!L48,"") | AF33: （ | AG33: =IF(外注付託依頼書!R48,外注付託依頼書!R48,"") | AL33: ）
AC34: TOTAL: | AG34: =IF(外注付託依頼書!Q59<>0,外注付託依頼書!Q59,"") -> 4
A36: ５．委託費 ： | H36: 円貨 | M36: \ | N36: =+N37+AC37 -> 0 | U36: －
E37: （内訳） | H37: 円貨 | M37: \ | N37: =+AD45 -> 0 | U37: － | X37: 消費税等 | AB37: \ | AC37: =ROUNDDOWN(N37*外注付託依頼書!AB77,0) -> 0 | AI37: －
H38: 報酬 | M38: \ | N38: =IF(外注付託依頼書!$AA$28="JPY",IF(外注付託依頼書!$AB$27<>0,外注付託依頼書!$AB$27,""),"") -> 単価 | W38: × | X38: =IF(外注付託依頼書!$AA$28="JPY",IF(外注付託依頼書!$AD$27<>0,外注付託依頼書!$AD$27,""),"") -> 数量 | AA38: =IF(外注付託依頼書!$AA$28="JPY",IF(外注付託依頼書!$AE$28<>"",外注付託依頼書!$AE$28,""),"") -> M/M | AC38: = | AD38: =IF(外注付託依頼書!$AA$28="JPY",IF(外注付託依頼書!$AH$27<>0,外注付託依頼書!$AH$27,""),"")
H39: 日当 | M39: \ | N39: =IF(外注付託依頼書!$AA$36="JPY",IF(外注付託依頼書!AC31="支給しない","",IF(外注付託依頼書!AC31="J'sNAVIにて精算","",外注付託依頼書!$AB$36)),"") | W39: × | X39: =IF(外注付託依頼書!$AA$36="JPY",IF(外注付託依頼書!AC31="支給しない","",IF(外注付託依頼書!AC31="J'sNAVIにて精算","",外注付託依頼書!$AD$36)),"") | AA39: =IF(外注付託依頼書!$AA$36="JPY",IF(外注付託依頼書!AC31="支給しない","",IF(外注付託依頼書!AC31="J'sNAVIにて精算","",外注付託依頼書!$AE$36)),"") | AC39: = | AD39: =IF(外注付託依頼書!$AA$36="JPY",IF(外注付託依頼書!$AC$31="支給しない","",IF(外注付託依頼書!$AC$31="J'sNAVIにて精算","",外注付託依頼書!$AH$36)),"")
H40: 宿泊費 | M40: \ | N40: =IF(外注付託依頼書!$AA$44="JPY",IF(外注付託依頼書!$AC$39="支給しない","",IF(外注付託依頼書!$AC$39="J'sNAVIにて精算","",外注付託依頼書!$AB$44)),"") | W40: × | X40: =IF(外注付託依頼書!$AA$44="JPY",IF(外注付託依頼書!$AC$39="支給しない","",IF(外注付託依頼書!$AC$39="J'sNAVIにて精算","",外注付託依頼書!$AD$44)),"") | AA40: =IF(外注付託依頼書!$AA$44="JPY",IF(外注付託依頼書!AC39="支給しない","",IF(外注付託依頼書!AC39="J'sNAVIにて精算","",外注付託依頼書!$AE$44)),"") | AC40: = | AD40: =IF(外注付託依頼書!$AA$44="JPY",IF(外注付託依頼書!$AC$39="支給しない","",IF(外注付託依頼書!$AC$39="J'sNAVIにて精算","",外注付託依頼書!$AH$44)),"")
H41: 航空券 | M41: \ | W41: × | AC41: =
H42: =IF(外注付託依頼書!Z59<>"",外注付託依頼書!Z59,"") | M42: \ | N42: =IF(外注付託依頼書!$AA$61="JPY",IF(外注付託依頼書!Z59="","",外注付託依頼書!$AB$61),"") | W42: × | X42: =IF(外注付託依頼書!$AA$61="JPY",IF(外注付託依頼書!Z59="","",外注付託依頼書!$AD$61),"") | AA42: =IF(外注付託依頼書!$AA$61="JPY",IF(外注付託依頼書!Z59="","",外注付託依頼書!$AE$61),"") | AC42: = | AD42: =IF(外注付託依頼書!$AA$61="JPY",IF(外注付託依頼書!Z59<>"",外注付託依頼書!AH61,""),"")
H43: =IF(外注付託依頼書!Z64<>"",外注付託依頼書!Z64,"") | M43: \ | N43: =IF(外注付託依頼書!$AA$66="JPY",IF(外注付託依頼書!Z64="","",外注付託依頼書!$AB$66),"") | W43: × | X43: =IF(外注付託依頼書!$AA$66="JPY",IF(外注付託依頼書!Z64="","",外注付託依頼書!$AD$66),"") | AA43: =IF(外注付託依頼書!$AA$66="JPY",IF(外注付託依頼書!Z64="","",外注付託依頼書!$AE$66),"") | AC43: = | AD43: =IF(外注付託依頼書!$AA$66="JPY",IF(外注付託依頼書!Z64<>"",外注付託依頼書!$AH$66,""),"")
H44: =IF(外注付託依頼書!Z69<>"",外注付託依頼書!Z69,"") | M44: \ | N44: =IF(外注付託依頼書!$AA$71="JPY",IF(外注付託依頼書!Z69="","",外注付託依頼書!$AB$71),"") | W44: × | X44: =IF(外注付託依頼書!$AA$71="JPY",IF(外注付託依頼書!Z69="","",外注付託依頼書!$AD$71),"") | AA44: =IF(外注付託依頼書!$AA$71="JPY",IF(外注付託依頼書!Z69="","",外注付託依頼書!$AE$71),"") | AC44: = | AD44: =IF(外注付託依頼書!$AA$71="JPY",IF(外注付託依頼書!Z69<>"",外注付託依頼書!$AH$71,""),"")
AA45: 合計 | AD45: =SUM(AD38:AI44) -> 0
A47: ６．特約条件 ： | G47: =IF(摘要<>"",摘要,"")
A52: ７．著作権の帰属：甲
A56: ８．その他 ： | G56: 貴社の相手先コード（仕入先コード）、今回のプロジェクトコード（作業科目）、契約No.は下記
G57: の通りですので、請求書に必ずその旨ご記入下さい。
I58: 仕入先コード | O58: ： | P58: =IF(外注付託依頼書!$G$28<>"",外注付託依頼書!$G$28,"")
I59: 作業科目 | O59: ： | P59: =IF(WorkSubjectCode<>"",WorkSubjectCode,"") -> JA15R1003
I60: 契約No. | O60: ： | P60: =IF(外注付託依頼書!$AG$3<>"",外注付託依頼書!$AG$3,"") -> JA1600301
AG61: 以 上
C62: =IF(依頼所属名<>"","写） "&依頼所属名&" ⇒ Project Office","") -> 写） 道路・橋梁部 ⇒ Project Office | AG62: =IF(外注付託依頼書!$AG$3<>"","注文ＮＯ："&外注付託依頼書!$AG$3,"") -> 注文ＮＯ：JA1600301

Sheet _請書
I1: 請 書
AF4: =IF(外注付託依頼書!$I$98<>"",外注付託依頼書!$I$98,"")
AF5: =IF(外注付託依頼書!$AG$3<>"","注文No:"&外注付託依頼書!$AG$3,"") -> 注文No:JA1600301
A7: （甲） | AD7: （乙）
A8: =外注付託依頼書!AQ53 -> 0 | AD8: 住所
A9: =外注付託依頼書!AQ54 -> 0
A10: =外注付託依頼書!AQ49 -> 0 | AD10: 氏名
A11: =外注付託依頼書!AQ50 -> 0
A12: =外注付託依頼書!AQ51 & " " & 外注付託依頼書!AQ52 | R12: 様
AF13: =IF(外注付託依頼書!G28<>"","（"&外注付託依頼書!G28&")","")
C15: =IF(外注付託依頼書!$AG$3<>"","貴社注文No.("&外注付託依頼書!$AG$3&")を下記の条項承諾の上お請けいたします。","") -> 貴社注文No.(JA1600301)を下記の条項承諾の上お請けいたします。
A17: 記
A19: =IF(ContractStyle="国内法人","１．業務担当予定者氏名(丙) ：","１．業務担当予定者氏名 ：") -> １．業務担当予定者氏名 ： | L19: =IF(DispatchPersonName<>"",DispatchPersonName,"") -> 田中 健治
B20: =IF(外注付託依頼書!$G$28<>"","（"& RIGHT(外注付託依頼書!$G$28,5) &"）","")
A21: ２．件名 ： | F21: =IF(WorkSubjectNameJ<>"",WorkSubjectNameJ,"") -> ベトナム国ハノイ環状3号線整備事業（マイジックｰ南タンロン区間）
B22: =IF([0]!WorkSubjectCode<>"","（"&[0]!WorkSubjectCode&"）","") -> （JA15R1003）
A23: ３．担当業務 ： | H23: =IF(担当業務<>"",CONCATENATE(担当業務,"（業務内容は業務内容通知書の通り）"),"") -> Cost Estimator（業務内容は業務内容通知書の通り）
A25: ４．業務委託期間：
F26: 作業場所 | N26: 作業期間 | AF26: M/M
F27: =IF(外注付託依頼書!D42<>"",外注付託依頼書!D42,"") -> 国外 | N27: =IF(外注付託依頼書!F42<>"",外注付託依頼書!F42,"") -> 42324 | V27: ～ | X27: =IF(外注付託依頼書!L42<>"",外注付託依頼書!L42,"") -> 42352 | AF27: （ | AG27: =IF(外注付託依頼書!R42,外注付託依頼書!R42,"") -> 0.97 | AL27: ）
F28: =IF(外注付託依頼書!D43<>"",外注付託依頼書!D43,"") -> 国外 | N28: =IF(外注付託依頼書!F43<>"",外注付託依頼書!F43,"") -> 42358 | V28: ～ | X28: =IF(外注付託依頼書!L43<>"",外注付託依頼書!L43,"") -> 42396 | AF28: （ | AG28: =IF(外注付託依頼書!R43,外注付託依頼書!R43,"") -> 1.3 | AL28: ）
F29: =IF(外注付託依頼書!D44<>"",外注付託依頼書!D44,"") -> 国外 | N29: =IF(外注付託依頼書!F44<>"",外注付託依頼書!F44,"") -> 42428 | V29: ～ | X29: =IF(外注付託依頼書!L44<>"",外注付託依頼書!L44,"") -> 42449 | AF29: （ | AG29: =IF(外注付託依頼書!R44,外注付託依頼書!R44,"") -> 0.73 | AL29: ）
F30: =IF(外注付託依頼書!D45<>"",外注付託依頼書!D45,"") -> 国外 | N30: =IF(外注付託依頼書!F45<>"",外注付託依頼書!F45,"") -> 42522 | V30: ～ | X30: =IF(外注付託依頼書!L45<>"",外注付託依頼書!L45,"") -> 42551 | AF30: （ | AG30: =IF(外注付託依頼書!R45,外注付託依頼書!R45,"") -> 1 | AL30: ）
F31: =IF(外注付託依頼書!D46<>"",外注付託依頼書!D46,"") | N31: =IF(外注付託依頼書!F46<>"",外注付託依頼書!F46,"") | V31: ～ | X31: =IF(外注付託依頼書!L46<>"",外注付託依頼書!L46,"") | AF31: （ | AG31: =IF(外注付託依頼書!R46,外注付託依頼書!R46,"") | AL31: ）
F32: =IF(外注付託依頼書!D47<>"",外注付託依頼書!D47,"") | N32: =IF(外注付託依頼書!F47<>"",外注付託依頼書!F47,"") | V32: ～ | X32: =IF(外注付託依頼書!L47<>"",外注付託依頼書!L47,"") | AF32: （ | AG32: =IF(外注付託依頼書!R47,外注付託依頼書!R47,"") | AL32: ）
F33: =IF(外注付託依頼書!D48<>"",外注付託依頼書!D48,"") | N33: =IF(外注付託依頼書!F48<>"",外注付託依頼書!F48,"") | V33: ～ | X33: =IF(外注付託依頼書!L48<>"",外注付託依頼書!L48,"") | AF33: （ | AG33: =IF(外注付託依頼書!R48,外注付託依頼書!R48,"") | AL33: ）
AC34: TOTAL: | AG34: =IF(外注付託依頼書!Q59<>0,外注付託依頼書!Q59,"") -> 4
A36: ５．委託費 ： | H36: 円貨 | M36: \ | N36: =+N37+AC37 -> 0 | U36: －
E37: （内訳） | H37: 円貨 | M37: \ | N37: =+AD45 -> 0 | U37: － | X37: 消費税等 | AB37: \ | AC37: =ROUNDDOWN(N37*外注付託依頼書!AB77,0) -> 0 | AI37: －
H38: 報酬 | M38: \ | N38: =IF(外注付託依頼書!$AA$28="JPY",IF(外注付託依頼書!$AB$27<>0,外注付託依頼書!$AB$27,""),"") -> 単価 | W38: × | X38: =IF(外注付託依頼書!$AA$28="JPY",IF(外注付託依頼書!$AD$27<>0,外注付託依頼書!$AD$27,""),"") -> 数量 | AA38: =IF(外注付託依頼書!$AA$28="JPY",IF(外注付託依頼書!$AE$28<>"",外注付託依頼書!$AE$28,""),"") -> M/M | AC38: = | AD38: =IF(外注付託依頼書!$AA$28="JPY",IF(外注付託依頼書!$AH$27<>0,外注付託依頼書!$AH$27,""),"")
H39: 日当 | M39: \ | N39: =IF(外注付託依頼書!$AA$36="JPY",IF(外注付託依頼書!AC31="支給しない","",IF(外注付託依頼書!AC31="J'sNAVIにて精算","",外注付託依頼書!$AB$36)),"") | W39: × | X39: =IF(外注付託依頼書!$AA$36="JPY",IF(外注付託依頼書!AC31="支給しない","",IF(外注付託依頼書!AC31="J'sNAVIにて精算","",外注付託依頼書!$AD$36)),"") | AA39: =IF(外注付託依頼書!$AA$36="JPY",IF(外注付託依頼書!AC31="支給しない","",IF(外注付託依頼書!AC31="J'sNAVIにて精算","",外注付託依頼書!$AE$36)),"") | AC39: = | AD39: =IF(外注付託依頼書!$AA$36="JPY",IF(外注付託依頼書!$AC$31="支給しない","",IF(外注付託依頼書!$AC$31="J'sNAVIにて精算","",外注付託依頼書!$AH$36)),"")
H40: 宿泊費 | M40: \ | N40: =IF(外注付託依頼書!$AA$44="JPY",IF(外注付託依頼書!$AC$39="支給しない","",IF(外注付託依頼書!$AC$39="J'sNAVIにて精算","",外注付託依頼書!$AB$44)),"") | W40: × | X40: =IF(外注付託依頼書!$AA$44="JPY",IF(外注付託依頼書!$AC$39="支給しない","",IF(外注付託依頼書!$AC$39="J'sNAVIにて精算","",外注付託依頼書!$AD$44)),"") | AA40: =IF(外注付託依頼書!$AA$44="JPY",IF(外注付託依頼書!AC39="支給しない","",IF(外注付託依頼書!AC39="J'sNAVIにて精算","",外注付託依頼書!$AE$44)),"") | AC40: = | AD40: =IF(外注付託依頼書!$AA$44="JPY",IF(外注付託依頼書!$AC$39="支給しない","",IF(外注付託依頼書!$AC$39="J'sNAVIにて精算","",外注付託依頼書!$AH$44)),"")
H41: 航空券 | M41: \ | W41: × | AC41: =
H42: =IF(外注付託依頼書!Z59<>"",外注付託依頼書!Z59,"") | M42: \ | N42: =IF(外注付託依頼書!$AA$61="JPY",IF(外注付託依頼書!Z59="","",外注付託依頼書!$AB$61),"") | W42: × | X42: =IF(外注付託依頼書!$AA$61="JPY",IF(外注付託依頼書!Z59="","",外注付託依頼書!$AD$61),"") | AA42: =IF(外注付託依頼書!$AA$61="JPY",IF(外注付託依頼書!Z59="","",外注付託依頼書!$AE$61),"") | AC42: = | AD42: =IF(外注付託依頼書!$AA$61="JPY",IF(外注付託依頼書!Z59<>"",外注付託依頼書!AH61,""),"")
H43: =IF(外注付託依頼書!Z64<>"",外注付託依頼書!Z64,"") | M43: \ | N43: =IF(外注付託依頼書!$AA$66="JPY",IF(外注付託依頼書!Z64="","",外注付託依頼書!$AB$66),"") | W43: × | X43: =IF(外注付託依頼書!$AA$66="JPY",IF(外注付託依頼書!Z64="","",外注付託依頼書!$AD$66),"") | AA43: =IF(外注付託依頼書!$AA$66="JPY",IF(外注付託依頼書!Z64="","",外注付託依頼書!$AE$66),"") | AC43: = | AD43: =IF(外注付託依頼書!$AA$66="JPY",IF(外注付託依頼書!Z64<>"",外注付託依頼書!$AH$66,""),"")
H44: =IF(外注付託依頼書!Z69<>"",外注付託依頼書!Z69,"") | M44: \ | N44: =IF(外注付託依頼書!$AA$71="JPY",IF(外注付託依頼書!Z69="","",外注付託依頼書!$AB$71),"") | W44: × | X44: =IF(外注付託依頼書!$AA$71="JPY",IF(外注付託依頼書!Z69="","",外注付託依頼書!$AD$71),"") | AA44: =IF(外注付託依頼書!$AA$71="JPY",IF(外注付託依頼書!Z69="","",外注付託依頼書!$AE$71),"") | AC44: = | AD44: =IF(外注付託依頼書!$AA$71="JPY",IF(外注付託依頼書!Z69<>"",外注付託依頼書!$AH$71,""),"")
AA45: 合計 | AD45: =SUM(AD38:AI44) -> 0
A47: ６．特約条件 ： | G47: =IF(摘要<>"",摘要,"")
A52: ７．著作権の帰属：甲
A56: ８．その他 ： | G56: 貴社の相手先コード（仕入先コード）、今回のプロジェクトコード（作業科目）、契約No.は下記
G57: の通りですので、請求書に必ずその旨ご記入下さい。
I58: 仕入先コード | O58: ： | P58: =IF(外注付託依頼書!$G$28<>"",外注付託依頼書!$G$28,"")
I59: 作業科目 | O59: ： | P59: =IF(WorkSubjectCode<>"",WorkSubjectCode,"") -> JA15R1003
I60: 契約No. | O60: ： | P60: =IF(外注付託依頼書!$AG$3<>"",外注付託依頼書!$AG$3,"") -> JA1600301
AG61: 以 上
C62: =IF(依頼所属名<>"","写） "&依頼所属名&" ⇒ Project Office","") -> 写） 道路・橋梁部 ⇒ Project Office | AG62: =IF(外注付託依頼書!$AG$3<>"","注文ＮＯ："&外注付託依頼書!$AG$3,"") -> 注文ＮＯ：JA1600301

Sheet _注文書 （変更）
I1: 注 文 書
AF4: =IF(期間変更依頼!$H$120<>"",期間変更依頼!$H$120,"")
A5: （乙） | AF5: =IF(期間変更依頼!$AL$1<>"","注文No:"&期間変更依頼!$AL$1,"") -> 注文No:JA1600301
A6: =IF(外注付託依頼書!$BG$9<>"",外注付託依頼書!$BG$9,"")
B7: =IF(外注付託依頼書!$BG$10<>"",外注付託依頼書!$BG$10,"") | AG7: （甲）
A8: =IF(ContractorName<>"",ContractorName,"") -> 有限責任事業組合インフラ・アセット・エンジニアリング | AG8: =外注付託依頼書!AQ53 -> 0
R9: 御中 | AG9: =外注付託依頼書!AQ54 -> 0
C10: =IF(外注付託依頼書!G28<>"","（"&外注付託依頼書!G28&")","") | AG10: =外注付託依頼書!AQ49 -> 0
AG11: =外注付託依頼書!AQ50 -> 0
AG12: =外注付託依頼書!AQ51 & " " & 外注付託依頼書!AQ52
B14: このたび、下記の通り貴社（貴殿）に委託することとなりましたのでご通知いたします。つきましては、別添請書に
B15: 所要事項を記入し、記名捺印の上当社宛一部ご提出ください。
A17: 記
A19: =IF(ContractStyle="国内法人","１．業務担当予定者氏名(丙) ：","１．業務担当予定者氏名 ：") -> １．業務担当予定者氏名 ： | L19: =IF(期間変更依頼!$D$18<>"",期間変更依頼!$D$18,"")
B20: =IF(外注付託依頼書!$G$28<>"","（"&RIGHT(外注付託依頼書!$G$28,5) &"）","")
A21: ２．件名 ： | F21: =IF(期間変更依頼!$D$22<>"",期間変更依頼!$D$22,"")
B22: =IF(期間変更依頼!$D$24<>"","（"&期間変更依頼!$D$24&"）","")
A23: ３．担当業務 ： | H23: =IF(担当業務<>"",CONCATENATE(担当業務,"（業務内容は業務内容通知書の通り）"),"") -> Cost Estimator（業務内容は業務内容通知書の通り）
A25: ４．業務委託期間： | I25: 【変更前】 | AE25: 【変更後】
A26: 作業場所 | G26: 作業期間 | T26: M/M | W26: 作業場所 | AC26: 作業期間 | AP26: M/M
A27: =IF(期間変更依頼!D$98<>"",期間変更依頼!D$98,"") | G27: =IF(期間変更依頼!F98<>"",期間変更依頼!F98,"") | M27: ～ | N27: =IF(期間変更依頼!L98<>"",期間変更依頼!L98,"") | T27: =IF(期間変更依頼!R98<>0,TEXT(期間変更依頼!R98,"(0.00)"),"") | W27: =IF(期間変更依頼!Z98<>"",期間変更依頼!Z98,"") | AC27: =IF(期間変更依頼!AB98<>"",期間変更依頼!AB98,"") | AI27: ～ | AJ27: =IF(期間変更依頼!AH98<>"",期間変更依頼!AH98,"") | AP27: =IF(期間変更依頼!AN98<>0,TEXT(期間変更依頼!AN98,"(0.00)"),"")
A28: =IF(期間変更依頼!$D99<>"",期間変更依頼!$D99,"") | G28: =IF(期間変更依頼!F99<>"",期間変更依頼!F99,"") | M28: ～ | N28: =IF(期間変更依頼!L99<>"",期間変更依頼!L99,"") | T28: =IF(期間変更依頼!R99<>0,TEXT(期間変更依頼!R99,"(0.00)"),"") | W28: =IF(期間変更依頼!Z99<>"",期間変更依頼!Z99,"") | AC28: =IF(期間変更依頼!AB99<>"",期間変更依頼!AB99,"") | AI28: ～ | AJ28: =IF(期間変更依頼!AH99<>"",期間変更依頼!AH99,"") | AP28: =IF(期間変更依頼!AN99<>0,TEXT(期間変更依頼!AN99,"(0.00)"),"")
A29: =IF(期間変更依頼!$D100<>"",期間変更依頼!$D100,"") | G29: =IF(期間変更依頼!F100<>"",期間変更依頼!F100,"") | M29: ～ | N29: =IF(期間変更依頼!L100<>"",期間変更依頼!L100,"") | T29: =IF(期間変更依頼!R100<>0,TEXT(期間変更依頼!R100,"(0.00)"),"") | W29: =IF(期間変更依頼!Z100<>"",期間変更依頼!Z100,"") | AC29: =IF(期間変更依頼!AB100<>"",期間変更依頼!AB100,"") | AI29: ～ | AJ29: =IF(期間変更依頼!AH100<>"",期間変更依頼!AH100,"") | AP29: =IF(期間変更依頼!AN100<>0,TEXT(期間変更依頼!AN100,"(0.00)"),"")
A30: =IF(期間変更依頼!$D101<>"",期間変更依頼!$D101,"") | G30: =IF(期間変更依頼!F101<>"",期間変更依頼!F101,"") | M30: ～ | N30: =IF(期間変更依頼!L101<>"",期間変更依頼!L101,"") | T30: =IF(期間変更依頼!R101<>0,TEXT(期間変更依頼!R101,"(0.00)"),"") | W30: =IF(期間変更依頼!Z101<>"",期間変更依頼!Z101,"") | AC30: =IF(期間変更依頼!AB101<>"",期間変更依頼!AB101,"") | AI30: ～ | AJ30: =IF(期間変更依頼!AH101<>"",期間変更依頼!AH101,"") | AP30: =IF(期間変更依頼!AN101<>0,TEXT(期間変更依頼!AN101,"(0.00)"),"")
A31: =IF(期間変更依頼!$D102<>"",期間変更依頼!$D102,"") | G31: =IF(期間変更依頼!F102<>"",期間変更依頼!F102,"") | M31: ～ | N31: =IF(期間変更依頼!L102<>"",期間変更依頼!L102,"") | T31: =IF(期間変更依頼!R102<>0,TEXT(期間変更依頼!R102,"(0.00)"),"") | W31: =IF(期間変更依頼!Z102<>"",期間変更依頼!Z102,"") | AC31: =IF(期間変更依頼!AB102<>"",期間変更依頼!AB102,"") | AI31: ～ | AJ31: =IF(期間変更依頼!AH102<>"",期間変更依頼!AH102,"") | AP31: =IF(期間変更依頼!AN102<>0,TEXT(期間変更依頼!AN102,"(0.00)"),"")
A32: =IF(期間変更依頼!$D103<>"",期間変更依頼!$D103,"") | G32: =IF(期間変更依頼!F103<>"",期間変更依頼!F103,"") | M32: ～ | N32: =IF(期間変更依頼!L103<>"",期間変更依頼!L103,"") | T32: =IF(期間変更依頼!R103<>0,TEXT(期間変更依頼!R103,"(0.00)"),"") | W32: =IF(期間変更依頼!Z103<>"",期間変更依頼!Z103,"") | AC32: =IF(期間変更依頼!AB103<>"",期間変更依頼!AB103,"") | AI32: ～ | AJ32: =IF(期間変更依頼!AH103<>"",期間変更依頼!AH103,"") | AP32: =IF(期間変更依頼!AN103<>0,TEXT(期間変更依頼!AN103,"(0.00)"),"")
A33: =IF(期間変更依頼!$D104<>"",期間変更依頼!$D104,"") | G33: =IF(期間変更依頼!F104<>"",期間変更依頼!F104,"") | M33: ～ | N33: =IF(期間変更依頼!L104<>"",期間変更依頼!L104,"") | T33: =IF(期間変更依頼!R104<>0,TEXT(期間変更依頼!R104,"(0.00)"),"") | W33: =IF(期間変更依頼!Z104<>"",期間変更依頼!Z104,"") | AC33: =IF(期間変更依頼!AB104<>"",期間変更依頼!AB104,"") | AI33: ～ | AJ33: =IF(期間変更依頼!AH104<>"",期間変更依頼!AH104,"") | AP33: =IF(期間変更依頼!AN104<>0,TEXT(期間変更依頼!AN104,"(0.00)"),"")
P34: TOTAL： | T34: =IF(期間変更依頼!Q116<>0,期間変更依頼!Q116,"") | AL34: TOTAL： | AP34: =IF(期間変更依頼!AM116<>0,期間変更依頼!AM116,"")
A36: ５．委託費 ： | H36: 円貨 | M36: \ | N36: =+N37+AC37 -> 0 | U36: －
E37: （内訳） | H37: 円貨 | M37: \ | N37: =+AD45 -> 0 | U37: － | X37: 消費税等 | AB37: \ | AC37: =ROUNDDOWN(N37*期間変更依頼!AP81,0) -> 0 | AI37: －
H38: 報酬 | M38: \ | N38: =IF(期間変更依頼!$H$33="JPY",IF(期間変更依頼!$O33<>0,期間変更依頼!$O33,""),0) -> 0 | W38: × | X38: =IF(期間変更依頼!$H$33="JPY",IF(期間変更依頼!$X33<>0,期間変更依頼!$X33,""),0) -> 0 | AA38: =IF(期間変更依頼!$H$33="JPY",IF(期間変更依頼!Z33<>"",期間変更依頼!Z33,""),"") | AC38: = | AD38: =IF(期間変更依頼!$H$33="JPY",IF(期間変更依頼!$AD33<>0,期間変更依頼!$AD33,""),0) -> 0
H39: 日当 | M39: \ | N39: =IF(期間変更依頼!$H$42="JPY",IF(期間変更依頼!$O42<>0,期間変更依頼!$O42,""),0) -> 0 | W39: × | X39: =IF(期間変更依頼!$H$42="JPY",IF(期間変更依頼!$X42<>0,期間変更依頼!$X42,""),0) -> 0 | AA39: =IF(期間変更依頼!$H$42="JPY",IF(期間変更依頼!$Z42<>"",期間変更依頼!$Z42,""),"") | AC39: = | AD39: =IF(期間変更依頼!$H$42="JPY",IF(期間変更依頼!$AD42<>0,期間変更依頼!$AD42,""),0) -> 0
H40: 宿泊費 | M40: \ | N40: =IF(期間変更依頼!$H$50="JPY",IF(期間変更依頼!$O$50<>0,期間変更依頼!$O$50,""),0) -> 0 | W40: × | X40: =IF(期間変更依頼!$H$50="JPY",IF(期間変更依頼!$X$50<>0,期間変更依頼!$X$50,""),0) -> 0 | AA40: =IF(期間変更依頼!$H$50="JPY",IF(期間変更依頼!$Z$50<>"",期間変更依頼!$Z$50,""),"") | AC40: = | AD40: =IF(期間変更依頼!$H$50="JPY",IF(期間変更依頼!$AD$50<>0,期間変更依頼!$AD$50,""),0) -> 0
H41: 航空券 | M41: \ | W41: × | AC41: = | AD41: =N41 -> 0
H42: =IF(期間変更依頼!D65<>"",期間変更依頼!D65,"") | M42: \ | N42: =IF(期間変更依頼!$H$67="JPY",IF(期間変更依頼!$O$67<>0,期間変更依頼!$O$67,""),0) -> 0 | W42: × | X42: =IF(期間変更依頼!$H$67="JPY",IF(期間変更依頼!$X$67<>0,期間変更依頼!$X$67,""),0) -> 0 | AA42: =IF(期間変更依頼!$H$67="JPY",IF(期間変更依頼!$Z$67<>"",期間変更依頼!$Z$67,""),"") | AC42: = | AD42: =IF(期間変更依頼!$H$67="JPY",IF(期間変更依頼!$AD$67<>0,期間変更依頼!$AD$67,""),0) -> 0
H43: =IF(期間変更依頼!D70<>"",期間変更依頼!D70,"") | M43: \ | N43: =IF(期間変更依頼!$H$72="JPY",IF(期間変更依頼!$O$72<>0,期間変更依頼!$O$72,""),0) -> 0 | W43: × | X43: =IF(期間変更依頼!$H$72="JPY",IF(期間変更依頼!$X$72<>0,期間変更依頼!$X$72,""),0) -> 0 | AA43: =IF(期間変更依頼!$H$72="JPY",IF(期間変更依頼!$Z$72<>"",期間変更依頼!$Z$72,""),"") | AC43: = | AD43: =IF(期間変更依頼!$H$72="JPY",IF(期間変更依頼!$AD$72<>0,期間変更依頼!$AD$72,""),0) -> 0
H44: =IF(期間変更依頼!D75<>"",期間変更依頼!D75,"") | M44: \ | N44: =IF(期間変更依頼!$H$77="JPY",IF(期間変更依頼!$O$77<>0,期間変更依頼!$O$77,""),0) -> 0 | W44: × | X44: =IF(期間変更依頼!$H$77="JPY",IF(期間変更依頼!$X$77<>0,期間変更依頼!$X$77,""),0) -> 0 | AA44: =IF(期間変更依頼!$H$77="JPY",IF(期間変更依頼!$Z$77<>"",期間変更依頼!$Z$77,""),"") | AC44: = | AD44: =IF(期間変更依頼!$H$77="JPY",IF(期間変更依頼!$AD$77<>0,期間変更依頼!$AD$77,""),0) -> 0
AA45: 合計 | AD45: =SUM(AD38:AI44) -> 0
A47: ６．特約条件 ： | G47: =IF(期間変更依頼!H130<>"",期間変更依頼!H130,"")
A52: ７．著作権の帰属：甲
A56: ８．その他 ： | G56: 貴社の相手先コード（仕入先コード）、今回のプロジェクトコード（作業科目）、契約No.は下記
G57: の通りですので、請求書に必ずその旨ご記入下さい。
I58: 仕入先コード | O58: ： | P58: =IF(期間変更依頼!$D$20<>"",LEFT(期間変更依頼!$D$20,10),"")
I59: 作業科目 | O59: ： | P59: =IF(期間変更依頼!$D$24<>"",期間変更依頼!$D$24,"")
I60: 契約No. | O60: ： | P60: =IF(期間変更依頼!$AL$1<>0,期間変更依頼!$AL$1,"") -> JA1600301
AG61: 以 上
C62: =IF(期間変更依頼!$AK$12<>"","写） "&期間変更依頼!$AK$12&" ⇒ Project Office","") | AG62: =IF(期間変更依頼!$AL$1<>0,"注文ＮＯ："&期間変更依頼!$AL$1,"") -> 注文ＮＯ：JA1600301

Sheet _請書 （変更）
I1: 請 書
AF4: =IF(期間変更依頼!$H$120<>"",期間変更依頼!$H$120,"")
AF5: =IF(期間変更依頼!$AL$1<>"","注文No:"&期間変更依頼!$AL$1,"") -> 注文No:JA1600301
A7: （甲） | AD7: （乙）
A8: =外注付託依頼書!AQ53 -> 0 | AD8: 住所
A9: =外注付託依頼書!AQ54 -> 0
A10: =外注付託依頼書!AQ49 -> 0 | AD10: 氏名 | AG10: =IF(期間変更依頼!$D$20<>"",MID(期間変更依頼!$D$20,11,160),"")
A11: =外注付託依頼書!AQ50 -> 0
A12: =外注付託依頼書!AQ51 & " " & 外注付託依頼書!AQ52 | R12: 様
AF13: =IF(期間変更依頼!D20<>"","（"&LEFT(期間変更依頼!D20,10)&")","")
C15: =IF(期間変更依頼!$AL$1<>"","貴社注文No.("&期間変更依頼!$AL$1&")を下記の条項承諾の上お請けいたします。","") -> 貴社注文No.(JA1600301)を下記の条項承諾の上お請けいたします。
A17: 記
A19: =IF(ContractStyle="国内法人","１．業務担当予定者氏名(丙) ：","１．業務担当予定者氏名 ：") -> １．業務担当予定者氏名 ： | L19: =IF(期間変更依頼!$D$18<>"",期間変更依頼!$D$18,"")
B20: =IF(外注付託依頼書!$G$28<>"","（"&RIGHT(外注付託依頼書!$G$28,5)&"）","")
A21: ２．件名 ： | F21: =IF(期間変更依頼!$D$22<>"",期間変更依頼!$D$22,"")
B22: =IF(期間変更依頼!$D$24<>"","（"&期間変更依頼!$D$24&"）","")
A23: ３．担当業務 ： | H23: =IF(担当業務<>"",CONCATENATE(担当業務,"（業務内容は業務内容通知書の通り）"),"") -> Cost Estimator（業務内容は業務内容通知書の通り）
A25: ４．業務委託期間： | I25: 【変更前】 | AE25: 【変更後】
A26: 作業場所 | G26: 作業期間 | T26: M/M | W26: 作業場所 | AC26: 作業期間 | AP26: M/M
A27: =IF(期間変更依頼!D$98<>"",期間変更依頼!D$98,"") | G27: =IF(期間変更依頼!F98<>"",期間変更依頼!F98,"") | M27: ～ | N27: =IF(期間変更依頼!L98<>"",期間変更依頼!L98,"") | T27: =IF(期間変更依頼!R98<>0,TEXT(期間変更依頼!R98,"(0.00)"),"") | W27: =IF(期間変更依頼!Z98<>"",期間変更依頼!Z98,"") | AC27: =IF(期間変更依頼!AB98<>"",期間変更依頼!AB98,"") | AI27: ～ | AJ27: =IF(期間変更依頼!AH98<>"",期間変更依頼!AH98,"") | AP27: =IF(期間変更依頼!AN98<>0,TEXT(期間変更依頼!AN98,"(0.00)"),"")
A28: =IF(期間変更依頼!$D99<>"",期間変更依頼!$D99,"") | G28: =IF(期間変更依頼!F99<>"",期間変更依頼!F99,"") | M28: ～ | N28: =IF(期間変更依頼!L99<>"",期間変更依頼!L99,"") | T28: =IF(期間変更依頼!R99<>0,TEXT(期間変更依頼!R99,"(0.00)"),"") | W28: =IF(期間変更依頼!Z99<>"",期間変更依頼!Z99,"") | AC28: =IF(期間変更依頼!AB99<>"",期間変更依頼!AB99,"") | AI28: ～ | AJ28: =IF(期間変更依頼!AH99<>"",期間変更依頼!AH99,"") | AP28: =IF(期間変更依頼!AN99<>0,TEXT(期間変更依頼!AN99,"(0.00)"),"")
A29: =IF(期間変更依頼!$D100<>"",期間変更依頼!$D100,"") | G29: =IF(期間変更依頼!F100<>"",期間変更依頼!F100,"") | M29: ～ | N29: =IF(期間変更依頼!L100<>"",期間変更依頼!L100,"") | T29: =IF(期間変更依頼!R100<>0,TEXT(期間変更依頼!R100,"(0.00)"),"") | W29: =IF(期間変更依頼!Z100<>"",期間変更依頼!Z100,"") | AC29: =IF(期間変更依頼!AB100<>"",期間変更依頼!AB100,"") | AI29: ～ | AJ29: =IF(期間変更依頼!AH100<>"",期間変更依頼!AH100,"") | AP29: =IF(期間変更依頼!AN100<>0,TEXT(期間変更依頼!AN100,"(0.00)"),"")
A30: =IF(期間変更依頼!$D101<>"",期間変更依頼!$D101,"") | G30: =IF(期間変更依頼!F101<>"",期間変更依頼!F101,"") | M30: ～ | N30: =IF(期間変更依頼!L101<>"",期間変更依頼!L101,"") | T30: =IF(期間変更依頼!R101<>0,TEXT(期間変更依頼!R101,"(0.00)"),"") | W30: =IF(期間変更依頼!Z101<>"",期間変更依頼!Z101,"") | AC30: =IF(期間変更依頼!AB101<>"",期間変更依頼!AB101,"") | AI30: ～ | AJ30: =IF(期間変更依頼!AH101<>"",期間変更依頼!AH101,"") | AP30: =IF(期間変更依頼!AN101<>0,TEXT(期間変更依頼!AN101,"(0.00)"),"")
A31: =IF(期間変更依頼!$D102<>"",期間変更依頼!$D102,"") | G31: =IF(期間変更依頼!F102<>"",期間変更依頼!F102,"") | M31: ～ | N31: =IF(期間変更依頼!L102<>"",期間変更依頼!L102,"") | T31: =IF(期間変更依頼!R102<>0,TEXT(期間変更依頼!R102,"(0.00)"),"") | W31: =IF(期間変更依頼!Z102<>"",期間変更依頼!Z102,"") | AC31: =IF(期間変更依頼!AB102<>"",期間変更依頼!AB102,"") | AI31: ～ | AJ31: =IF(期間変更依頼!AH102<>"",期間変更依頼!AH102,"") | AP31: =IF(期間変更依頼!AN102<>0,TEXT(期間変更依頼!AN102,"(0.00)"),"")
A32: =IF(期間変更依頼!$D103<>"",期間変更依頼!$D103,"") | G32: =IF(期間変更依頼!F103<>"",期間変更依頼!F103,"") | M32: ～ | N32: =IF(期間変更依頼!L103<>"",期間変更依頼!L103,"") | T32: =IF(期間変更依頼!R103<>0,TEXT(期間変更依頼!R103,"(0.00)"),"") | W32: =IF(期間変更依頼!Z103<>"",期間変更依頼!Z103,"") | AC32: =IF(期間変更依頼!AB103<>"",期間変更依頼!AB103,"") | AI32: ～ | AJ32: =IF(期間変更依頼!AH103<>"",期間変更依頼!AH103,"") | AP32: =IF(期間変更依頼!AN103<>0,TEXT(期間変更依頼!AN103,"(0.00)"),"")
A33: =IF(期間変更依頼!$D104<>"",期間変更依頼!$D104,"") | G33: =IF(期間変更依頼!F104<>"",期間変更依頼!F104,"") | M33: ～ | N33: =IF(期間変更依頼!L104<>"",期間変更依頼!L104,"") | T33: =IF(期間変更依頼!R104<>0,TEXT(期間変更依頼!R104,"(0.00)"),"") | W33: =IF(期間変更依頼!Z104<>"",期間変更依頼!Z104,"") | AC33: =IF(期間変更依頼!AB104<>"",期間変更依頼!AB104,"") | AI33: ～ | AJ33: =IF(期間変更依頼!AH104<>"",期間変更依頼!AH104,"") | AP33: =IF(期間変更依頼!AN104<>0,TEXT(期間変更依頼!AN104,"(0.00)"),"")
P34: TOTAL： | T34: =IF(期間変更依頼!Q116<>0,期間変更依頼!Q116,"") | AL34: TOTAL： | AP34: =IF(期間変更依頼!AM116<>0,期間変更依頼!AM116,"")
A36: ５．委託費 ： | H36: 円貨 | M36: \ | N36: =+N37+AC37 -> 0 | U36: －
E37: （内訳） | H37: 円貨 | M37: \ | N37: =+AD45 -> 0 | U37: － | X37: 消費税等 | AB37: \ | AC37: =ROUNDDOWN(N37*期間変更依頼!AP81,0) -> 0 | AI37: －
H38: 報酬 | M38: \ | N38: =IF(期間変更依頼!$H$33="JPY",IF(期間変更依頼!$O33<>0,期間変更依頼!$O33,""),0) -> 0 | W38: × | X38: =IF(期間変更依頼!$H$33="JPY",IF(期間変更依頼!$X33<>0,期間変更依頼!$X33,""),0) -> 0 | AA38: =IF(期間変更依頼!$H$33="JPY",IF(期間変更依頼!Z33<>"",期間変更依頼!Z33,""),"") | AC38: = | AD38: =IF(期間変更依頼!$H$33="JPY",IF(期間変更依頼!$AD33<>0,期間変更依頼!$AD33,""),0) -> 0
H39: 日当 | M39: \ | N39: =IF(期間変更依頼!$H$42="JPY",IF(期間変更依頼!$O42<>0,期間変更依頼!$O42,""),0) -> 0 | W39: × | X39: =IF(期間変更依頼!$H$42="JPY",IF(期間変更依頼!$X42<>0,期間変更依頼!$X42,""),0) -> 0 | AA39: =IF(期間変更依頼!$H$42="JPY",IF(期間変更依頼!$Z42<>"",期間変更依頼!$Z42,""),"") | AC39: = | AD39: =IF(期間変更依頼!$H$42="JPY",IF(期間変更依頼!$AD42<>0,期間変更依頼!$AD42,""),0) -> 0
H40: 宿泊費 | M40: \ | N40: =IF(期間変更依頼!$H$50="JPY",IF(期間変更依頼!$O$50<>0,期間変更依頼!$O$50,""),0) -> 0 | W40: × | X40: =IF(期間変更依頼!$H$50="JPY",IF(期間変更依頼!$X$50<>0,期間変更依頼!$X$50,""),0) -> 0 | AA40: =IF(期間変更依頼!$H$50="JPY",IF(期間変更依頼!$Z$50<>"",期間変更依頼!$Z$50,""),"") | AC40: = | AD40: =IF(期間変更依頼!$H$50="JPY",IF(期間変更依頼!$AD$50<>0,期間変更依頼!$AD$50,""),0) -> 0
H41: 航空券 | M41: \ | W41: × | AC41: = | AD41: =N41 -> 0
H42: =IF(期間変更依頼!D65<>"",期間変更依頼!D65,"") | M42: \ | N42: =IF(期間変更依頼!$H$67="JPY",IF(期間変更依頼!$O$67<>0,期間変更依頼!$O$67,""),0) -> 0 | W42: × | X42: =IF(期間変更依頼!$H$67="JPY",IF(期間変更依頼!$X$67<>0,期間変更依頼!$X$67,""),0) -> 0 | AA42: =IF(期間変更依頼!$H$67="JPY",IF(期間変更依頼!$Z$67<>"",期間変更依頼!$Z$67,""),"") | AC42: = | AD42: =IF(期間変更依頼!$H$67="JPY",IF(期間変更依頼!$AD$67<>0,期間変更依頼!$AD$67,""),0) -> 0
H43: =IF(期間変更依頼!D70<>"",期間変更依頼!D70,"") | M43: \ | N43: =IF(期間変更依頼!$H$72="JPY",IF(期間変更依頼!$O$72<>0,期間変更依頼!$O$72,""),0) -> 0 | W43: × | X43: =IF(期間変更依頼!$H$72="JPY",IF(期間変更依頼!$X$72<>0,期間変更依頼!$X$72,""),0) -> 0 | AA43: =IF(期間変更依頼!$H$72="JPY",IF(期間変更依頼!$Z$72<>"",期間変更依頼!$Z$72,""),"") | AC43: = | AD43: =IF(期間変更依頼!$H$72="JPY",IF(期間変更依頼!$AD$72<>0,期間変更依頼!$AD$72,""),0) -> 0
H44: =IF(期間変更依頼!D75<>"",期間変更依頼!D75,"") | M44: \ | N44: =IF(期間変更依頼!$H$77="JPY",IF(期間変更依頼!$O$77<>0,期間変更依頼!$O$77,""),0) -> 0 | W44: × | X44: =IF(期間変更依頼!$H$77="JPY",IF(期間変更依頼!$X$77<>0,期間変更依頼!$X$77,""),0) -> 0 | AA44: =IF(期間変更依頼!$H$77="JPY",IF(期間変更依頼!$Z$77<>"",期間変更依頼!$Z$77,""),"") | AC44: = | AD44: =IF(期間変更依頼!$H$77="JPY",IF(期間変更依頼!$AD$77<>0,期間変更依頼!$AD$77,""),0) -> 0
AA45: 合計 | AD45: =SUM(AD38:AI44) -> 0
A47: ６．特約条件 ： | G47: =IF(期間変更依頼!H130<>"",期間変更依頼!H130,"")
A52: ７．著作権の帰属：甲
A56: ８．その他 ： | G56: 貴社の相手先コード（仕入先コード）、今回のプロジェクトコード（作業科目）、契約No.は下記
G57: の通りですので、請求書に必ずその旨ご記入下さい。
I58: 仕入先コード | O58: ： | P58: =IF(期間変更依頼!$D$20<>"",LEFT(期間変更依頼!$D$20,10),"")
I59: 作業科目 | O59: ： | P59: =IF(期間変更依頼!$D$24<>"",期間変更依頼!$D$24,"")
I60: 契約No. | O60: ： | P60: =IF(期間変更依頼!$AL$1<>0,期間変更依頼!$AL$1,"") -> JA1600301
AG61: 以 上
C62: =IF(期間変更依頼!AK12<>"","写） "&期間変更依頼!AK12&" ⇒ Project Office","") | AG62: =IF(期間変更依頼!$AL$1<>0,"注文ＮＯ："&期間変更依頼!$AL$1,"") -> 注文ＮＯ：JA1600301

Sheet _請求書
I1: 請 求 書
I3: （要員借上契約）
AF4: 20 / /
A5: =IF(外注付託依頼書!AQ49<>"",外注付託依頼書!AQ49," ")&" 御中" -> 御中
AD8: 住所
AD10: 氏名
AF13: =IF(外注付託依頼書!G28<>"","（"&外注付託依頼書!G28&")","")
C14: 下記の通り請求いたします。
A16: 今回請求額 | F16: \ (金 也）
F18: （ 本体価格）
F19: （ 消費税分）
A21: 契約件名 | F21: =IF(WorkSubjectNameJ<>"",WorkSubjectNameJ,"") -> ベトナム国ハノイ環状3号線整備事業（マイジックｰ南タンロン区間） | AI21: =IF(WorkSubjectCode<>"","作業科目（"&WorkSubjectCode&"）","") -> 作業科目（JA15R1003）
F22: =IF(外注付託依頼書!$AG$3<>"","注文No:"&外注付託依頼書!$AG$3,"") -> 注文No:JA1600301
A24: 氏名 | H24: =IF(DispatchPersonName<>"",DispatchPersonName,"") -> 田中 健治 | T24: =IF(外注付託依頼書!G28<>"","仕入先個人コード（ "&RIGHT(外注付託依頼書!G28,5) &" ）","")
A26: 契約期間 | Y26: =IF(外注付託依頼書!Q59<>"",外注付託依頼書!Q59,"") -> 4 | AB26: (M/M)
A28: 請求内訳 | K28: 数量 | O28: 単価 | U28: 金額 | AD28: 摘要
F29: 報酬
F31: 日当
F33: 宿泊費
F35: 航空券
D37: ※1
D43: ※２ | F43: 合計
A46: 請求実績 | K46: 数量 | O46: 単価 | U46: 金額 | AD46: 残高
D47: ※2 | F47: 契約金額
F49: 既受領額
F51: 今回請求分
F53: ※1 添付証書参照
F54: ※2 消費税を除いた本体価格
F55: 3 M/Mの計算は小数点第三位四捨五入
F56: 4 個人契約の場合、所得税法に基づき請求額より源泉所得税及び復興特別所得税を徴収
F57: (\１,000,000までは10.21％、\１,000,000超過分は\１,000,000の10.21％+超過分の20.42％）
A59: 振込先 | F59: ※下記振込先に変更がある場合は、お手数ですが朱書きにて修正の上、ご連絡願います。
F60: 金融機関名 | Q60: 支店名 | AA60: 口座種別 | AE60: 口座番号 | AJ60: 口座名義
F61: =IF(外注付託依頼書!AQ42="","",外注付託依頼書!AQ42) | Q61: =IF(外注付託依頼書!AQ43="","",外注付託依頼書!AQ43) | AA61: =IF(外注付託依頼書!AQ44="","",外注付託依頼書!AQ44) | AE61: =IF(外注付託依頼書!AQ45="","",外注付託依頼書!AQ45) | AJ61: =IF(外注付託依頼書!AQ46="","",外注付託依頼書!AQ46)

Sheet _案内#2
A1: 書類送付ご案内
AF3: =_注文書!AF4
A6: =IF(外注付託依頼書!$BG$9<>"",外注付託依頼書!$BG$9,"")
A7: =IF(外注付託依頼書!$BG$10<>"",外注付託依頼書!$BG$10,"")
A8: =IF(ContractorName<>"",ContractorName,"") -> 有限責任事業組合インフラ・アセット・エンジニアリング
A9: =IF(外注付託依頼書!$BG$11<>"",外注付託依頼書!$BG$11 & " ","") & IF(外注付託依頼書!$BG$12<>"",外注付託依頼書!$BG$12,"") | M9: =_注文書!R9 -> 御中 | AB9: =IF(外注付託依頼書!AQ53<>"",外注付託依頼書!AQ53,"")
B10: =IF(外注付託依頼書!G28<>"","（"&外注付託依頼書!G28&")","") | AB10: =IF(外注付託依頼書!AQ54<>"",外注付託依頼書!AQ54,"")
AB11: =IF(外注付託依頼書!AQ49<>"",外注付託依頼書!AQ49,"")
AB12: =IF(外注付託依頼書!AQ57<>"",外注付託依頼書!AQ57,"")
AD13: TEL: | AE13: =IF(外注付託依頼書!AQ55<>"",外注付託依頼書!AQ55,"")
AD14: FAX: | AE14: =IF(外注付託依頼書!AQ56<>"",外注付託依頼書!AQ56,"")
A17: 拝啓、貴社ますますご清祥のこととお喜び申し上げます。
A18: ="注文書及び当社指定請書を送付致します。内容をご確認の上、請書に記名・捺印し、" & IF(外注付託依頼書!AQ57 & 外注付託依頼書!AQ58<>"",外注付託依頼書!AQ57 & " " & 外注付託依頼書!AQ58," ") & "宛にご返送下さいますよう、お願い申し上げます。" -> 注文書及び当社指定請書を送付致します。内容をご確認の上、請書に記名・捺印し、 宛にご返送下さいますよう、お願い申し上げます。
A21: なお、毎月のTimesheet(稼働表)を月末締め、翌月1日までに現場責任者に提出頂くことになっております。詳細は現場責任者にご確認願います。
A24: また、請求書は月末締め、翌月3日までに業務部までご提出下さい。
A26: ※本社仮移転のご案内※
A28: このたび弊社はビル建て替えに伴い2015年10月13日（火）より、以下に仮移転することとなりました。
A30: 仮移転先住所：〒102-8539 東京都千代田区九段北1-14-6
A31: 電話番号及びFAX番号は従来の通り変更はございません。
A33: 請書、ご請求書等の郵便物につきましては、上記住所宛にお送りいただけますようお願い申し上げます。
A34: ご不便をお掛けすることになりますが、何卒ご了承賜りますようお願い申し上げます。
F36: 【ご案内地図】
G37: 最寄駅： | K37: 東京メトロ東西線、半蔵門線、都営新宿線「九段下」徒歩1分
K38: JR「飯田橋」徒歩約10分
AG55: 敬具

Sheet 期間変更依頼
B1: 決裁区分 | AG1: 依頼No | AL1: =IF(外注付託依頼書!依頼番号<>"",外注付託依頼書!依頼番号,"") -> JA1600301
B2: Ca
N3: Cb | AG3: 作成日
N4: Ca | R4: 借上外注付託変更依頼/兼稟議書 | AG4: 受付日
N5: Bb | S5: （要員借上期間変更用） | AG5: 決裁日
N6: Ba | BA6: 90000205
N7: Ab | BA7: 90000211
N8: Aa | BA8: 90000212
AE9: 依頼担当者Code | BA9: 90000213
AE10: 依頼担当者名 | BA10: 90000214
AE11: 依頼部Code | BA11: 90000219
B12: 業務部長殿 | AE12: 依頼部名 | BA12: 90000265
BA13: 90000271
BA14: 90000272
BA15: 90000274
B16: 下記の通り、借上外注付託依頼書の内容変更を致したく、手続きの程お願い致します。 | BA16: 90000275
BA17: 90000276
B18: 業務担当予定者氏名 | BA18: 90000277
BA19: 90000278
B20: 所属会社
B22: 作業件名
B24: 作業科目 | BB24: 単位１ | BC24: 単位２ | BD24: 日当区分 | BE24: 日当支給方法 | BF24: 日当支払先 | BG24: 宿泊費区分 | BH24: 宿泊費支給方法 | BI24: 宿泊費支払先 | BJ24: 航空券支給方法 | BK24: クラス | BL24: 海外旅行傷害保険 | BM24: その他経費支給方法
BB25: 月 | BC25: M/M | BD25: 以下の通り支給 | BE25: 円貨 | BF25: 会社振込 | BG25: 以下の通り支給 | BH25: 円貨 | BI25: 会社振込 | BJ25: ＮＫ本社にて支給 | BK25: ディスカウントエコノミー | BL25: ＮＫ付保 | BM25: 下記の経費は実費精算
B26: 担当業務 | BB26: 日 | BC26: M/D | BD26: JICA規定額を以下の通り支給 | BE26: 外貨 | BF26: 本人へ支払 | BG26: JICA規定額を支給 | BH26: 外貨 | BI26: 本人へ支払 | BJ26: ＰＴＡ | BK26: ノーマルエコノミー | BL26: ＮＫ負担で相手先付保 | BM26: 下記の金額を上限に実費精算
BB27: 時間 | BC27: M/H | BD27: 社員に準じて以下の通り支給 | BF27: 本人へ現地払 | BG27: 社員に準じて支給 | BI27: 本人へ現地払 | BJ27: 相手先購入（実費精算：指定ルートが有る場合は下記ルート欄に記入） | BK27: ディスカウントビジネス | BL27: 相手先負担、相手先付保 | BM27: 下記の通り支給
BB28: 式 | BC28: 式 | BD28: 支給しない | BG28: 支給しないが宿舎提供 | BJ28: 支給しない | BK28: ノーマルビジネス
B29: 今回変更分発注条件 | BB29: 回 | BC29: 回 | BD29: J'sNAVIにて精算 | BG29: 支給しない | BJ29: その他（その他に記入）
BG30: J'sNAVIにて精算
B31: =勘定Code1 -> 90000205 | C31: 発注報酬額 | G31: 備考：
D32: 単価（表示） | H32: \ | O32: =単価1*Rate1 -> 0 | W32: × | AB32: = | AC32: ￥ | AD32: =+ROUNDDOWN(O32*X33,0) -> 0
D33: 単価（入力） | O33: =[0]!単価1 -> 900000 | W33: × | AB33: = | AD33: =+O33*X33 -> 0
E34: ﾚｰﾄ
B36: =勘定Code2 -> 90000214 | C36: 日当 | H36: 1.区分
H37: 2.支給方法
H38: 3.支払先
H39: 4.備考
D41: 単価（表示） | H41: \ | O41: =単価2*Rate2 -> 0 | W41: × | AB41: = | AC41: ￥ | AD41: =+ROUNDDOWN(O41*X42,0) -> 0
D42: 単価（入力） | O42: =[0]!DailyUnitPriceForeign -> 52 | W42: × | AB42: = | AD42: =+O42*X42 -> 0
E43: ﾚｰﾄ
B44: =勘定Code3 -> 90000214 | C44: 宿泊費 | H44: 1.区分
H45: 2.支給方法
H46: 3.支払先
H47: 4.備考
D49: 単価（表示） | H49: \ | O49: =単価3*Rate3 -> 0 | W49: × | AB49: = | AC49: ￥ | AD49: =+ROUNDDOWN(O49*X50,0) -> 0
D50: 単価（入力） | O50: =[0]!StayUnitPriceForeign -> 6588 | W50: × | AB50: = | AD50: =+O50*X50 -> 0
E51: ﾚｰﾄ
B53: =勘定Code4 -> 90000214 | C53: 航空券
H54: その他
H55: クラス
L56: ルート
L57: 備考（ | AI57: ）
K58: 渡航回数： | Q58: 往復× | W58: 片道×
B60: =勘定Code5 -> 90000214 | C60: 海外旅行傷害保険
D61: *借上者の保険については、基本的に右記の通り選択して下さい。 | U61: 個人借上者→NK付保・負担 / 法人所属の借上者→相手先付保・負担
C63: その他経費
B65: =勘定Code6 -> 90000214 | C65: 【１】 | D65: =IF(外注付託依頼書!Z59<>"",外注付託依頼書!Z59,"") | N65: 支給方法： | R65: 円貨 | AB65: =外注付託依頼書!AF59 -> 0
D66: 単価（表示） | H66: \ | O66: =その他1単価*Rate4 -> 0 | W66: × | AB66: = | AC66: ￥ | AD66: =+ROUNDDOWN(O66*X67,0) -> 0
D67: 単価（入力） | O67: =[0]!ETC1UnitPriceForeign -> 0 | W67: × | AB67: = | AD67: =+O67*X67 -> 0
E68: ﾚｰﾄ
C70: 【２】 | D70: =IF(外注付託依頼書!Z64<>"",外注付託依頼書!Z64,"") | N70: 支給方法： | R70: 円貨 | AB70: =外注付託依頼書!AF64 -> 0
B71: =勘定Code7 -> 90000214 | D71: 単価（表示） | H71: \ | O71: =その他2単価*Rate5 -> 0 | W71: × | AB71: = | AC71: ￥ | AD71: =+ROUNDDOWN(O71*X72,0) -> 0
D72: 単価（入力） | O72: =[0]!ETC2UnitPriceForeign -> 0 | W72: × | AB72: = | AD72: =+O72*X72 -> 0
E73: ﾚｰﾄ
C75: 【３】 | D75: =IF(外注付託依頼書!Z69<>"",外注付託依頼書!Z69,"") | N75: 支給方法： | R75: 円貨 | AB75: =外注付託依頼書!AF69 -> 0
B76: =勘定Code8 -> 90000214 | D76: 単価（表示） | H76: \ | O76: =その他3単価*Rate6 -> 0 | W76: × | AB76: = | AC76: ￥ | AD76: =+ROUNDDOWN(O76*X77,0) -> 0
D77: 単価（入力） | O77: =[0]!ETC3UnitPriceForeign -> 0 | W77: × | AB77: = | AD77: =+O77*X77 -> 0
E78: ﾚｰﾄ
T80: 合 計 | AB80: =SUM(AD32,IF(O36="支給しない",0,IF(O36="J'sNAVIにて精算",0,AD41)),IF(OR(O44="支給しないが宿舎提供",O44="支給しない"),0,IF(O44="J'sNAVIにて精算",0,AD49)),IF(OR(D65="使用目的を入力",D65=""),0,AD66),,IF(OR(D70="使用目的を入力",D70=""),0,AD71),IF(OR(D75="使用目的を入力",D75=""),0,AD76)) -> 0
T81: 消 費 税 | AB81: =ROUNDDOWN(SUM(AD32,AD41,AD49,AD66,AD71,AD76)*消費税率combobox,0) -> 0 | AN81: 消費税率 | AP81: 0
T82: 変更合計 | AB82: =AB80+AB81 -> 0
B85: 特記事項
B90: 予算措置 | E90: 契約関連 | K90: TRUE
K91: FALSE
K92: FALSE | P92: （ | Z92: ）を充当する。
K93: FALSE | O93: （ | AA93: ）
C96: 作業期間 | E96: 変更前 | X96: → | AA96: 変更後 | BB96: 国内
D97: 作業場所 | G97: 作業期間 | Q97: M/M | T97: 稼働日 | V97: 海外日 | Z97: 作業場所 | AC97: 作業期間 | AM97: M/M | AP97: 稼働日 | AR97: 海外日 | BB97: 国外
K98: - | Q98: ( | R98: =IF(外注付託依頼書!$G$39="JICA等",IF(U98=DATEDIF(DATE(YEAR(L98),MONTH(L98),1),DATE(YEAR(L98),MONTH(L98)+1,1),"D"),ROUND(U98/30,2),ROUND(U98/30,2)),IF(U98=DATEDIF(DATE(YEAR(L98),MONTH(L98),1),DATE(YEAR(L98),MONTH(L98)+1,1),"D"),ROUND(30/30,2),IF(MONTH(L98)=2,ROUND(1-((DATEDIF(DATE(YEAR(L98),MONTH(L98),1),DATE(YEAR(L98),MONTH(L98)+1,1),"D")-U98)/30),2),ROUND(U98/30,2)))) -> 0 | S98: ) | U98: =IF(AND(F98<>"",L98<>""),1+DATEDIF(F98,L98,"D"),0) -> 0 | W98: =IF(AND(D98<>"",D98<>"国内"),U98,"") | AG98: - | AM98: ( | AN98: =IF(外注付託依頼書!$G$39="JICA等",IF(AQ98=DATEDIF(DATE(YEAR(AH98),MONTH(AH98),1),DATE(YEAR(AH98),MONTH(AH98)+1,1),"D"),ROUND(AQ98/30,2),ROUND(AQ98/30,2)),IF(AQ98=DATEDIF(DATE(YEAR(AH98),MONTH(AH98),1),DATE(YEAR(AH98),MONTH(AH98)+1,1),"D"),ROUND(30/30,2),IF(MONTH(AH98)=2,ROUND(1-((DATEDIF(DATE(YEAR(AH98),MONTH(AH98),1),DATE(YEAR(AH98),MONTH(AH98)+1,1),"D")-AQ98)/30),2),ROUND(AQ98/30,2)))) -> 0 | AO98: ) | AQ98: =IF(AND(AB98<>"",AH98<>""),1+DATEDIF(AB98,AH98,"D"),0) -> 0 | AS98: =IF(AND(Z98<>"",Z98<>"国内"),AQ98,"")
K99: - | Q99: ( | R99: =IF(外注付託依頼書!$G$39="JICA等",IF(U99=DATEDIF(DATE(YEAR(L99),MONTH(L99),1),DATE(YEAR(L99),MONTH(L99)+1,1),"D"),ROUND(U99/30,2),ROUND(U99/30,2)),IF(U99=DATEDIF(DATE(YEAR(L99),MONTH(L99),1),DATE(YEAR(L99),MONTH(L99)+1,1),"D"),ROUND(30/30,2),IF(MONTH(L99)=2,ROUND(1-((DATEDIF(DATE(YEAR(L99),MONTH(L99),1),DATE(YEAR(L99),MONTH(L99)+1,1),"D")-U99)/30),2),ROUND(U99/30,2)))) -> 0 | S99: ) | U99: =IF(AND(F99<>"",L99<>""),1+DATEDIF(F99,L99,"D"),0) -> 0 | W99: =IF(AND(D99<>"",D99<>"国内"),U99,"") | AG99: - | AM99: ( | AN99: =IF(外注付託依頼書!$G$39="JICA等",IF(AQ99=DATEDIF(DATE(YEAR(AH99),MONTH(AH99),1),DATE(YEAR(AH99),MONTH(AH99)+1,1),"D"),ROUND(AQ99/30,2),ROUND(AQ99/30,2)),IF(AQ99=DATEDIF(DATE(YEAR(AH99),MONTH(AH99),1),DATE(YEAR(AH99),MONTH(AH99)+1,1),"D"),ROUND(30/30,2),IF(MONTH(AH99)=2,ROUND(1-((DATEDIF(DATE(YEAR(AH99),MONTH(AH99),1),DATE(YEAR(AH99),MONTH(AH99)+1,1),"D")-AQ99)/30),2),ROUND(AQ99/30,2)))) -> 0 | AO99: ) | AQ99: =IF(AND(AB99<>"",AH99<>""),1+DATEDIF(AB99,AH99,"D"),0) -> 0 | AS99: =IF(AND(Z99<>"",Z99<>"国内"),AQ99,"") | BB99: 月毎総日数 | BF99: 稼働日数ベース
K100: - | Q100: ( | R100: =IF(外注付託依頼書!$G$39="JICA等",IF(U100=DATEDIF(DATE(YEAR(L100),MONTH(L100),1),DATE(YEAR(L100),MONTH(L100)+1,1),"D"),ROUND(U100/30,2),ROUND(U100/30,2)),IF(U100=DATEDIF(DATE(YEAR(L100),MONTH(L100),1),DATE(YEAR(L100),MONTH(L100)+1,1),"D"),ROUND(30/30,2),IF(MONTH(L100)=2,ROUND(1-((DATEDIF(DATE(YEAR(L100),MONTH(L100),1),DATE(YEAR(L100),MONTH(L100)+1,1),"D")-U100)/30),2),ROUND(U100/30,2)))) -> 0 | S100: ) | U100: =IF(AND(F100<>"",L100<>""),1+DATEDIF(F100,L100,"D"),0) -> 0 | W100: =IF(AND(D100<>"",D100<>"国内"),U100,"") | AG100: - | AM100: ( | AN100: =IF(外注付託依頼書!$G$39="JICA等",IF(AQ100=DATEDIF(DATE(YEAR(AH100),MONTH(AH100),1),DATE(YEAR(AH100),MONTH(AH100)+1,1),"D"),ROUND(AQ100/30,2),ROUND(AQ100/30,2)),IF(AQ100=DATEDIF(DATE(YEAR(AH100),MONTH(AH100),1),DATE(YEAR(AH100),MONTH(AH100)+1,1),"D"),ROUND(30/30,2),IF(MONTH(AH100)=2,ROUND(1-((DATEDIF(DATE(YEAR(AH100),MONTH(AH100),1),DATE(YEAR(AH100),MONTH(AH100)+1,1),"D")-AQ100)/30),2),ROUND(AQ100/30,2)))) -> 0 | AO100: ) | AQ100: =IF(AND(AB100<>"",AH100<>""),1+DATEDIF(AB100,AH100,"D"),0) -> 0 | AS100: =IF(AND(Z100<>"",Z100<>"国内"),AQ100,"") | BB100: 月 | BC100: 日 | BD100: 日 | BF100: 月 | BG100: 日 | BH100: 日
K101: - | Q101: ( | R101: =IF(外注付託依頼書!$G$39="JICA等",IF(U101=DATEDIF(DATE(YEAR(L101),MONTH(L101),1),DATE(YEAR(L101),MONTH(L101)+1,1),"D"),ROUND(U101/30,2),ROUND(U101/30,2)),IF(U101=DATEDIF(DATE(YEAR(L101),MONTH(L101),1),DATE(YEAR(L101),MONTH(L101)+1,1),"D"),ROUND(30/30,2),IF(MONTH(L101)=2,ROUND(1-((DATEDIF(DATE(YEAR(L101),MONTH(L101),1),DATE(YEAR(L101),MONTH(L101)+1,1),"D")-U101)/30),2),ROUND(U101/30,2)))) -> 0 | S101: ) | U101: =IF(AND(F101<>"",L101<>""),1+DATEDIF(F101,L101,"D"),0) -> 0 | W101: =IF(AND(D101<>"",D101<>"国内"),U101,"") | AG101: - | AM101: ( | AN101: =IF(外注付託依頼書!$G$39="JICA等",IF(AQ101=DATEDIF(DATE(YEAR(AH101),MONTH(AH101),1),DATE(YEAR(AH101),MONTH(AH101)+1,1),"D"),ROUND(AQ101/30,2),ROUND(AQ101/30,2)),IF(AQ101=DATEDIF(DATE(YEAR(AH101),MONTH(AH101),1),DATE(YEAR(AH101),MONTH(AH101)+1,1),"D"),ROUND(30/30,2),IF(MONTH(AH101)=2,ROUND(1-((DATEDIF(DATE(YEAR(AH101),MONTH(AH101),1),DATE(YEAR(AH101),MONTH(AH101)+1,1),"D")-AQ101)/30),2),ROUND(AQ101/30,2)))) -> 0 | AO101: ) | AQ101: =IF(AND(AB101<>"",AH101<>""),1+DATEDIF(AB101,AH101,"D"),0) -> 0 | AS101: =IF(AND(Z101<>"",Z101<>"国内"),AQ101,"") | BB101: 1 | BC101: 31 | BD101: 31 | BF101: 1 | BG101: 1.03
K102: - | Q102: ( | R102: =IF(外注付託依頼書!$G$39="JICA等",IF(U102=DATEDIF(DATE(YEAR(L102),MONTH(L102),1),DATE(YEAR(L102),MONTH(L102)+1,1),"D"),ROUND(U102/30,2),ROUND(U102/30,2)),IF(U102=DATEDIF(DATE(YEAR(L102),MONTH(L102),1),DATE(YEAR(L102),MONTH(L102)+1,1),"D"),ROUND(30/30,2),IF(MONTH(L102)=2,ROUND(1-((DATEDIF(DATE(YEAR(L102),MONTH(L102),1),DATE(YEAR(L102),MONTH(L102)+1,1),"D")-U102)/30),2),ROUND(U102/30,2)))) -> 0 | S102: ) | U102: =IF(AND(F102<>"",L102<>""),1+DATEDIF(F102,L102,"D"),0) -> 0 | W102: =IF(AND(D102<>"",D102<>"国内"),U102,"") | AG102: - | AM102: ( | AN102: =IF(外注付託依頼書!$G$39="JICA等",IF(AQ102=DATEDIF(DATE(YEAR(AH102),MONTH(AH102),1),DATE(YEAR(AH102),MONTH(AH102)+1,1),"D"),ROUND(AQ102/30,2),ROUND(AQ102/30,2)),IF(AQ102=DATEDIF(DATE(YEAR(AH102),MONTH(AH102),1),DATE(YEAR(AH102),MONTH(AH102)+1,1),"D"),ROUND(30/30,2),IF(MONTH(AH102)=2,ROUND(1-((DATEDIF(DATE(YEAR(AH102),MONTH(AH102),1),DATE(YEAR(AH102),MONTH(AH102)+1,1),"D")-AQ102)/30),2),ROUND(AQ102/30,2)))) -> 0 | AO102: ) | AQ102: =IF(AND(AB102<>"",AH102<>""),1+DATEDIF(AB102,AH102,"D"),0) -> 0 | AS102: =IF(AND(Z102<>"",Z102<>"国内"),AQ102,"") | BB102: 2 | BC102: 28 | BD102: 28 | BF102: 2 | BG102: 0.93
K103: - | Q103: ( | R103: =IF(外注付託依頼書!$G$39="JICA等",IF(U103=DATEDIF(DATE(YEAR(L103),MONTH(L103),1),DATE(YEAR(L103),MONTH(L103)+1,1),"D"),ROUND(U103/30,2),ROUND(U103/30,2)),IF(U103=DATEDIF(DATE(YEAR(L103),MONTH(L103),1),DATE(YEAR(L103),MONTH(L103)+1,1),"D"),ROUND(30/30,2),IF(MONTH(L103)=2,ROUND(1-((DATEDIF(DATE(YEAR(L103),MONTH(L103),1),DATE(YEAR(L103),MONTH(L103)+1,1),"D")-U103)/30),2),ROUND(U103/30,2)))) -> 0 | S103: ) | U103: =IF(AND(F103<>"",L103<>""),1+DATEDIF(F103,L103,"D"),0) -> 0 | W103: =IF(AND(D103<>"",D103<>"国内"),U103,"") | AG103: - | AM103: ( | AN103: =IF(外注付託依頼書!$G$39="JICA等",IF(AQ103=DATEDIF(DATE(YEAR(AH103),MONTH(AH103),1),DATE(YEAR(AH103),MONTH(AH103)+1,1),"D"),ROUND(AQ103/30,2),ROUND(AQ103/30,2)),IF(AQ103=DATEDIF(DATE(YEAR(AH103),MONTH(AH103),1),DATE(YEAR(AH103),MONTH(AH103)+1,1),"D"),ROUND(30/30,2),IF(MONTH(AH103)=2,ROUND(1-((DATEDIF(DATE(YEAR(AH103),MONTH(AH103),1),DATE(YEAR(AH103),MONTH(AH103)+1,1),"D")-AQ103)/30),2),ROUND(AQ103/30,2)))) -> 0 | AO103: ) | AQ103: =IF(AND(AB103<>"",AH103<>""),1+DATEDIF(AB103,AH103,"D"),0) -> 0 | AS103: =IF(AND(Z103<>"",Z103<>"国内"),AQ103,"") | BB103: 3 | BC103: 31 | BD103: 31 | BF103: 3 | BG103: 1.03
K104: - | Q104: ( | R104: =IF(外注付託依頼書!$G$39="JICA等",IF(U104=DATEDIF(DATE(YEAR(L104),MONTH(L104),1),DATE(YEAR(L104),MONTH(L104)+1,1),"D"),ROUND(U104/30,2),ROUND(U104/30,2)),IF(U104=DATEDIF(DATE(YEAR(L104),MONTH(L104),1),DATE(YEAR(L104),MONTH(L104)+1,1),"D"),ROUND(30/30,2),IF(MONTH(L104)=2,ROUND(1-((DATEDIF(DATE(YEAR(L104),MONTH(L104),1),DATE(YEAR(L104),MONTH(L104)+1,1),"D")-U104)/30),2),ROUND(U104/30,2)))) -> 0 | S104: ) | U104: =IF(AND(F104<>"",L104<>""),1+DATEDIF(F104,L104,"D"),0) -> 0 | W104: =IF(AND(D104<>"",D104<>"国内"),U104,"") | AG104: - | AM104: ( | AN104: =IF(外注付託依頼書!$G$39="JICA等",IF(AQ104=DATEDIF(DATE(YEAR(AH104),MONTH(AH104),1),DATE(YEAR(AH104),MONTH(AH104)+1,1),"D"),ROUND(AQ104/30,2),ROUND(AQ104/30,2)),IF(AQ104=DATEDIF(DATE(YEAR(AH104),MONTH(AH104),1),DATE(YEAR(AH104),MONTH(AH104)+1,1),"D"),ROUND(30/30,2),IF(MONTH(AH104)=2,ROUND(1-((DATEDIF(DATE(YEAR(AH104),MONTH(AH104),1),DATE(YEAR(AH104),MONTH(AH104)+1,1),"D")-AQ104)/30),2),ROUND(AQ104/30,2)))) -> 0 | AO104: ) | AQ104: =IF(AND(AB104<>"",AH104<>""),1+DATEDIF(AB104,AH104,"D"),0) -> 0 | AS104: =IF(AND(Z104<>"",Z104<>"国内"),AQ104,"") | BB104: 4 | BC104: 30 | BD104: 30 | BF104: 4 | BG104: 1
K105: - | Q105: ( | R105: =IF(外注付託依頼書!$G$39="JICA等",IF(U105=DATEDIF(DATE(YEAR(L105),MONTH(L105),1),DATE(YEAR(L105),MONTH(L105)+1,1),"D"),ROUND(U105/30,2),ROUND(U105/30,2)),IF(U105=DATEDIF(DATE(YEAR(L105),MONTH(L105),1),DATE(YEAR(L105),MONTH(L105)+1,1),"D"),ROUND(30/30,2),IF(MONTH(L105)=2,ROUND(1-((DATEDIF(DATE(YEAR(L105),MONTH(L105),1),DATE(YEAR(L105),MONTH(L105)+1,1),"D")-U105)/30),2),ROUND(U105/30,2)))) -> 0 | S105: ) | U105: =IF(AND(F105<>"",L105<>""),1+DATEDIF(F105,L105,"D"),0) -> 0 | W105: =IF(AND(D105<>"",D105<>"国内"),U105,"") | AG105: - | AM105: ( | AN105: =IF(外注付託依頼書!$G$39="JICA等",IF(AQ105=DATEDIF(DATE(YEAR(AH105),MONTH(AH105),1),DATE(YEAR(AH105),MONTH(AH105)+1,1),"D"),ROUND(AQ105/30,2),ROUND(AQ105/30,2)),IF(AQ105=DATEDIF(DATE(YEAR(AH105),MONTH(AH105),1),DATE(YEAR(AH105),MONTH(AH105)+1,1),"D"),ROUND(30/30,2),IF(MONTH(AH105)=2,ROUND(1-((DATEDIF(DATE(YEAR(AH105),MONTH(AH105),1),DATE(YEAR(AH105),MONTH(AH105)+1,1),"D")-AQ105)/30),2),ROUND(AQ105/30,2)))) -> 0 | AO105: ) | AQ105: =IF(AND(AB105<>"",AH105<>""),1+DATEDIF(AB105,AH105,"D"),0) -> 0 | AS105: =IF(AND(Z105<>"",Z105<>"国内"),AQ105,"") | BB105: 5 | BC105: 31 | BD105: 31 | BF105: 5 | BG105: 1.03
K106: - | Q106: ( | R106: =IF(外注付託依頼書!$G$39="JICA等",IF(U106=DATEDIF(DATE(YEAR(L106),MONTH(L106),1),DATE(YEAR(L106),MONTH(L106)+1,1),"D"),ROUND(U106/30,2),ROUND(U106/30,2)),IF(U106=DATEDIF(DATE(YEAR(L106),MONTH(L106),1),DATE(YEAR(L106),MONTH(L106)+1,1),"D"),ROUND(30/30,2),IF(MONTH(L106)=2,ROUND(1-((DATEDIF(DATE(YEAR(L106),MONTH(L106),1),DATE(YEAR(L106),MONTH(L106)+1,1),"D")-U106)/30),2),ROUND(U106/30,2)))) -> 0 | S106: ) | U106: =IF(AND(F106<>"",L106<>""),1+DATEDIF(F106,L106,"D"),0) -> 0 | W106: =IF(AND(D106<>"",D106<>"国内"),U106,"") | AG106: - | AM106: ( | AN106: =IF(外注付託依頼書!$G$39="JICA等",IF(AQ106=DATEDIF(DATE(YEAR(AH106),MONTH(AH106),1),DATE(YEAR(AH106),MONTH(AH106)+1,1),"D"),ROUND(AQ106/30,2),ROUND(AQ106/30,2)),IF(AQ106=DATEDIF(DATE(YEAR(AH106),MONTH(AH106),1),DATE(YEAR(AH106),MONTH(AH106)+1,1),"D"),ROUND(30/30,2),IF(MONTH(AH106)=2,ROUND(1-((DATEDIF(DATE(YEAR(AH106),MONTH(AH106),1),DATE(YEAR(AH106),MONTH(AH106)+1,1),"D")-AQ106)/30),2),ROUND(AQ106/30,2)))) -> 0 | AO106: ) | AQ106: =IF(AND(AB106<>"",AH106<>""),1+DATEDIF(AB106,AH106,"D"),0) -> 0 | AS106: =IF(AND(Z106<>"",Z106<>"国内"),AQ106,"") | BB106: 6 | BC106: 30 | BD106: 30 | BF106: 6 | BG106: 1
K107: - | Q107: ( | R107: =IF(外注付託依頼書!$G$39="JICA等",IF(U107=DATEDIF(DATE(YEAR(L107),MONTH(L107),1),DATE(YEAR(L107),MONTH(L107)+1,1),"D"),ROUND(U107/30,2),ROUND(U107/30,2)),IF(U107=DATEDIF(DATE(YEAR(L107),MONTH(L107),1),DATE(YEAR(L107),MONTH(L107)+1,1),"D"),ROUND(30/30,2),IF(MONTH(L107)=2,ROUND(1-((DATEDIF(DATE(YEAR(L107),MONTH(L107),1),DATE(YEAR(L107),MONTH(L107)+1,1),"D")-U107)/30),2),ROUND(U107/30,2)))) -> 0 | S107: ) | U107: =IF(AND(F107<>"",L107<>""),1+DATEDIF(F107,L107,"D"),0) -> 0 | W107: =IF(AND(D107<>"",D107<>"国内"),U107,"") | AG107: - | AM107: ( | AN107: =IF(外注付託依頼書!$G$39="JICA等",IF(AQ107=DATEDIF(DATE(YEAR(AH107),MONTH(AH107),1),DATE(YEAR(AH107),MONTH(AH107)+1,1),"D"),ROUND(AQ107/30,2),ROUND(AQ107/30,2)),IF(AQ107=DATEDIF(DATE(YEAR(AH107),MONTH(AH107),1),DATE(YEAR(AH107),MONTH(AH107)+1,1),"D"),ROUND(30/30,2),IF(MONTH(AH107)=2,ROUND(1-((DATEDIF(DATE(YEAR(AH107),MONTH(AH107),1),DATE(YEAR(AH107),MONTH(AH107)+1,1),"D")-AQ107)/30),2),ROUND(AQ107/30,2)))) -> 0 | AO107: ) | AQ107: =IF(AND(AB107<>"",AH107<>""),1+DATEDIF(AB107,AH107,"D"),0) -> 0 | AS107: =IF(AND(Z107<>"",Z107<>"国内"),AQ107,"") | BB107: 7 | BC107: 31 | BD107: 31 | BF107: 7 | BG107: 1.03
K108: - | Q108: ( | R108: =IF(外注付託依頼書!$G$39="JICA等",IF(U108=DATEDIF(DATE(YEAR(L108),MONTH(L108),1),DATE(YEAR(L108),MONTH(L108)+1,1),"D"),ROUND(U108/30,2),ROUND(U108/30,2)),IF(U108=DATEDIF(DATE(YEAR(L108),MONTH(L108),1),DATE(YEAR(L108),MONTH(L108)+1,1),"D"),ROUND(30/30,2),IF(MONTH(L108)=2,ROUND(1-((DATEDIF(DATE(YEAR(L108),MONTH(L108),1),DATE(YEAR(L108),MONTH(L108)+1,1),"D")-U108)/30),2),ROUND(U108/30,2)))) -> 0 | S108: ) | U108: =IF(AND(F108<>"",L108<>""),1+DATEDIF(F108,L108,"D"),0) -> 0 | W108: =IF(AND(D108<>"",D108<>"国内"),U108,"") | AG108: - | AM108: ( | AN108: =IF(外注付託依頼書!$G$39="JICA等",IF(AQ108=DATEDIF(DATE(YEAR(AH108),MONTH(AH108),1),DATE(YEAR(AH108),MONTH(AH108)+1,1),"D"),ROUND(AQ108/30,2),ROUND(AQ108/30,2)),IF(AQ108=DATEDIF(DATE(YEAR(AH108),MONTH(AH108),1),DATE(YEAR(AH108),MONTH(AH108)+1,1),"D"),ROUND(30/30,2),IF(MONTH(AH108)=2,ROUND(1-((DATEDIF(DATE(YEAR(AH108),MONTH(AH108),1),DATE(YEAR(AH108),MONTH(AH108)+1,1),"D")-AQ108)/30),2),ROUND(AQ108/30,2)))) -> 0 | AO108: ) | AQ108: =IF(AND(AB108<>"",AH108<>""),1+DATEDIF(AB108,AH108,"D"),0) -> 0 | AS108: =IF(AND(Z108<>"",Z108<>"国内"),AQ108,"") | BB108: 8 | BC108: 31 | BD108: 31 | BF108: 8 | BG108: 1.03
K109: - | Q109: ( | R109: =IF(外注付託依頼書!$G$39="JICA等",IF(U109=DATEDIF(DATE(YEAR(L109),MONTH(L109),1),DATE(YEAR(L109),MONTH(L109)+1,1),"D"),ROUND(U109/30,2),ROUND(U109/30,2)),IF(U109=DATEDIF(DATE(YEAR(L109),MONTH(L109),1),DATE(YEAR(L109),MONTH(L109)+1,1),"D"),ROUND(30/30,2),IF(MONTH(L109)=2,ROUND(1-((DATEDIF(DATE(YEAR(L109),MONTH(L109),1),DATE(YEAR(L109),MONTH(L109)+1,1),"D")-U109)/30),2),ROUND(U109/30,2)))) -> 0 | S109: ) | U109: =IF(AND(F109<>"",L109<>""),1+DATEDIF(F109,L109,"D"),0) -> 0 | W109: =IF(AND(D109<>"",D109<>"国内"),U109,"") | AG109: - | AM109: ( | AN109: =IF(外注付託依頼書!$G$39="JICA等",IF(AQ109=DATEDIF(DATE(YEAR(AH109),MONTH(AH109),1),DATE(YEAR(AH109),MONTH(AH109)+1,1),"D"),ROUND(AQ109/30,2),ROUND(AQ109/30,2)),IF(AQ109=DATEDIF(DATE(YEAR(AH109),MONTH(AH109),1),DATE(YEAR(AH109),MONTH(AH109)+1,1),"D"),ROUND(30/30,2),IF(MONTH(AH109)=2,ROUND(1-((DATEDIF(DATE(YEAR(AH109),MONTH(AH109),1),DATE(YEAR(AH109),MONTH(AH109)+1,1),"D")-AQ109)/30),2),ROUND(AQ109/30,2)))) -> 0 | AO109: ) | AQ109: =IF(AND(AB109<>"",AH109<>""),1+DATEDIF(AB109,AH109,"D"),0) -> 0 | AS109: =IF(AND(Z109<>"",Z109<>"国内"),AQ109,"") | BB109: 9 | BC109: 30 | BD109: 30 | BF109: 9 | BG109: 1
K110: - | Q110: ( | R110: =IF(外注付託依頼書!$G$39="JICA等",IF(U110=DATEDIF(DATE(YEAR(L110),MONTH(L110),1),DATE(YEAR(L110),MONTH(L110)+1,1),"D"),ROUND(U110/30,2),ROUND(U110/30,2)),IF(U110=DATEDIF(DATE(YEAR(L110),MONTH(L110),1),DATE(YEAR(L110),MONTH(L110)+1,1),"D"),ROUND(30/30,2),IF(MONTH(L110)=2,ROUND(1-((DATEDIF(DATE(YEAR(L110),MONTH(L110),1),DATE(YEAR(L110),MONTH(L110)+1,1),"D")-U110)/30),2),ROUND(U110/30,2)))) -> 0 | S110: ) | U110: =IF(AND(F110<>"",L110<>""),1+DATEDIF(F110,L110,"D"),0) -> 0 | W110: =IF(AND(D110<>"",D110<>"国内"),U110,"") | AG110: - | AM110: ( | AN110: =IF(外注付託依頼書!$G$39="JICA等",IF(AQ110=DATEDIF(DATE(YEAR(AH110),MONTH(AH110),1),DATE(YEAR(AH110),MONTH(AH110)+1,1),"D"),ROUND(AQ110/30,2),ROUND(AQ110/30,2)),IF(AQ110=DATEDIF(DATE(YEAR(AH110),MONTH(AH110),1),DATE(YEAR(AH110),MONTH(AH110)+1,1),"D"),ROUND(30/30,2),IF(MONTH(AH110)=2,ROUND(1-((DATEDIF(DATE(YEAR(AH110),MONTH(AH110),1),DATE(YEAR(AH110),MONTH(AH110)+1,1),"D")-AQ110)/30),2),ROUND(AQ110/30,2)))) -> 0 | AO110: ) | AQ110: =IF(AND(AB110<>"",AH110<>""),1+DATEDIF(AB110,AH110,"D"),0) -> 0 | AS110: =IF(AND(Z110<>"",Z110<>"国内"),AQ110,"") | BB110: 10 | BC110: 31 | BD110: 31 | BF110: 10 | BG110: 1.03
K111: - | Q111: ( | R111: =IF(外注付託依頼書!$G$39="JICA等",IF(U111=DATEDIF(DATE(YEAR(L111),MONTH(L111),1),DATE(YEAR(L111),MONTH(L111)+1,1),"D"),ROUND(U111/30,2),ROUND(U111/30,2)),IF(U111=DATEDIF(DATE(YEAR(L111),MONTH(L111),1),DATE(YEAR(L111),MONTH(L111)+1,1),"D"),ROUND(30/30,2),IF(MONTH(L111)=2,ROUND(1-((DATEDIF(DATE(YEAR(L111),MONTH(L111),1),DATE(YEAR(L111),MONTH(L111)+1,1),"D")-U111)/30),2),ROUND(U111/30,2)))) -> 0 | S111: ) | U111: =IF(AND(F111<>"",L111<>""),1+DATEDIF(F111,L111,"D"),0) -> 0 | W111: =IF(AND(D111<>"",D111<>"国内"),U111,"") | AG111: - | AM111: ( | AN111: =IF(外注付託依頼書!$G$39="JICA等",IF(AQ111=DATEDIF(DATE(YEAR(AH111),MONTH(AH111),1),DATE(YEAR(AH111),MONTH(AH111)+1,1),"D"),ROUND(AQ111/30,2),ROUND(AQ111/30,2)),IF(AQ111=DATEDIF(DATE(YEAR(AH111),MONTH(AH111),1),DATE(YEAR(AH111),MONTH(AH111)+1,1),"D"),ROUND(30/30,2),IF(MONTH(AH111)=2,ROUND(1-((DATEDIF(DATE(YEAR(AH111),MONTH(AH111),1),DATE(YEAR(AH111),MONTH(AH111)+1,1),"D")-AQ111)/30),2),ROUND(AQ111/30,2)))) -> 0 | AO111: ) | AQ111: =IF(AND(AB111<>"",AH111<>""),1+DATEDIF(AB111,AH111,"D"),0) -> 0 | AS111: =IF(AND(Z111<>"",Z111<>"国内"),AQ111,"") | BB111: 11 | BC111: 30 | BD111: 30 | BF111: 11 | BG111: 1
K112: - | Q112: ( | R112: =IF(外注付託依頼書!$G$39="JICA等",IF(U112=DATEDIF(DATE(YEAR(L112),MONTH(L112),1),DATE(YEAR(L112),MONTH(L112)+1,1),"D"),ROUND(U112/30,2),ROUND(U112/30,2)),IF(U112=DATEDIF(DATE(YEAR(L112),MONTH(L112),1),DATE(YEAR(L112),MONTH(L112)+1,1),"D"),ROUND(30/30,2),IF(MONTH(L112)=2,ROUND(1-((DATEDIF(DATE(YEAR(L112),MONTH(L112),1),DATE(YEAR(L112),MONTH(L112)+1,1),"D")-U112)/30),2),ROUND(U112/30,2)))) -> 0 | S112: ) | U112: =IF(AND(F112<>"",L112<>""),1+DATEDIF(F112,L112,"D"),0) -> 0 | W112: =IF(AND(D112<>"",D112<>"国内"),U112,"") | AG112: - | AM112: ( | AN112: =IF(外注付託依頼書!$G$39="JICA等",IF(AQ112=DATEDIF(DATE(YEAR(AH112),MONTH(AH112),1),DATE(YEAR(AH112),MONTH(AH112)+1,1),"D"),ROUND(AQ112/30,2),ROUND(AQ112/30,2)),IF(AQ112=DATEDIF(DATE(YEAR(AH112),MONTH(AH112),1),DATE(YEAR(AH112),MONTH(AH112)+1,1),"D"),ROUND(30/30,2),IF(MONTH(AH112)=2,ROUND(1-((DATEDIF(DATE(YEAR(AH112),MONTH(AH112),1),DATE(YEAR(AH112),MONTH(AH112)+1,1),"D")-AQ112)/30),2),ROUND(AQ112/30,2)))) -> 0 | AO112: ) | AQ112: =IF(AND(AB112<>"",AH112<>""),1+DATEDIF(AB112,AH112,"D"),0) -> 0 | AS112: =IF(AND(Z112<>"",Z112<>"国内"),AQ112,"") | BB112: 12 | BC112: 31 | BD112: 31 | BF112: 12 | BG112: 1.03
K113: - | Q113: ( | R113: =IF(外注付託依頼書!$G$39="JICA等",IF(U113=DATEDIF(DATE(YEAR(L113),MONTH(L113),1),DATE(YEAR(L113),MONTH(L113)+1,1),"D"),ROUND(U113/30,2),ROUND(U113/30,2)),IF(U113=DATEDIF(DATE(YEAR(L113),MONTH(L113),1),DATE(YEAR(L113),MONTH(L113)+1,1),"D"),ROUND(30/30,2),IF(MONTH(L113)=2,ROUND(1-((DATEDIF(DATE(YEAR(L113),MONTH(L113),1),DATE(YEAR(L113),MONTH(L113)+1,1),"D")-U113)/30),2),ROUND(U113/30,2)))) -> 0 | S113: ) | U113: =IF(AND(F113<>"",L113<>""),1+DATEDIF(F113,L113,"D"),0) -> 0 | W113: =IF(AND(D113<>"",D113<>"国内"),U113,"") | AG113: - | AM113: ( | AN113: =IF(外注付託依頼書!$G$39="JICA等",IF(AQ113=DATEDIF(DATE(YEAR(AH113),MONTH(AH113),1),DATE(YEAR(AH113),MONTH(AH113)+1,1),"D"),ROUND(AQ113/30,2),ROUND(AQ113/30,2)),IF(AQ113=DATEDIF(DATE(YEAR(AH113),MONTH(AH113),1),DATE(YEAR(AH113),MONTH(AH113)+1,1),"D"),ROUND(30/30,2),IF(MONTH(AH113)=2,ROUND(1-((DATEDIF(DATE(YEAR(AH113),MONTH(AH113),1),DATE(YEAR(AH113),MONTH(AH113)+1,1),"D")-AQ113)/30),2),ROUND(AQ113/30,2)))) -> 0 | AO113: ) | AQ113: =IF(AND(AB113<>"",AH113<>""),1+DATEDIF(AB113,AH113,"D"),0) -> 0 | AS113: =IF(AND(Z113<>"",Z113<>"国内"),AQ113,"")
Q116: =ROUND(SUM(MMSTART1:MMEND1),2) -> 0 | T116: =SUM(WORKDAYSTART1:WORKDAYEND1) -> 0 | V116: =SUM(OVSEADAYSTART1:OVSEADAYEND1) -> 0 | AM116: =ROUND(SUM(MMSTART2:MMEND2),2) -> 0 | AP116: =SUM(WORKDAYSTART2:WORKDAYEND2) -> 0 | AR116: =SUM(OVSEADAYSTART2:OVSEADAYEND2) -> 0
AS117: =IF(外注付託依頼書!$AI$86<>"",外注付託依頼書!$AI$86,"")
B118: 発注情報入力項目【事務部門入力項目】
B119: 項目名 | H119: 入力欄 | AJ119: JA | BB119: 完成後一括払 | BC119: 対象 | BD119: 可
B120: 発注年月日 | AJ120: PD | BB120: 部分払 | BC120: 対象外 | BD120: 否
B121: 事業領域 | H121: JA | AJ121: AA | BB121: 出来高払
B122: 支払条件 | AJ122: BA | BB122: 分割払
...

Sheet 算出表用テーブル
B1: 借上外部要員の基準報酬月額算定基準
B3: a.経験年数基準標準賃率 | G3: 社内賃率は参事1級相当を上限とする。
F4: （円） | I4: =+算出表!F7 -> 0
D5: A | E5: 29年以上 | F5: 961000 | G5: 参事1級 | I5: =IF(I4>=29,INT(F5/1000),0) -> 0 | J5: =IF(I5>0,G5,0) -> 0
D6: B | E6: 26‐28年 | F6: 927000 | G6: 参事2級 | I6: =IF($I$4<26,0,IF($I$4>=29,0,INT(F6/1000))) -> 0 | J6: =IF(I6>0,G6,0) -> 0
D7: C | E7: 23‐25年 | F7: 867000 | G7: 参事3級 | I7: =IF($I$4<23,0,IF($I$4>=26,0,INT(F7/1000))) -> 0 | J7: =IF(I7>0,G7,0) -> 0
D8: D | E8: 20‐22年 | F8: 813000 | G8: 副参事1級 | I8: =IF($I$4<20,0,IF($I$4>=23,0,INT(F8/1000))) -> 0 | J8: =IF(I8>0,G8,0) -> 0
D9: E | E9: 17‐19年 | F9: 791000 | G9: 副参事2級 | I9: =IF($I$4<17,0,IF($I$4>=20,0,INT(F9/1000))) -> 0 | J9: =IF(I9>0,G9,0) -> 0
D10: F | E10: 14‐16年 | F10: 745000 | G10: 副参事3級 | I10: =IF($I$4<14,0,IF($I$4>=17,0,INT(F10/1000))) -> 0 | J10: =IF(I10>0,G10,0) -> 0
D11: G | E11: 12‐13年 | F11: 564000 | G11: 技師1級 | I11: =IF($I$4<12,0,IF($I$4>=14,0,INT(F11/1000))) -> 0 | J11: =IF(I11>0,G11,0) -> 0
D12: H | E12: 9‐11年 | F12: 500000 | G12: 技師2級 | I12: =IF($I$4<9,0,IF($I$4>=12,0,INT(F12/1000))) -> 0 | J12: =IF(I12>0,G12,0) -> 0
D13: I | E13: 6‐8年 | F13: 437000 | G13: 技師3級 | I13: =IF($I$4<6,0,IF($I$4>=9,0,INT(F13/1000))) -> 0 | J13: =IF(I13>0,G13,0) -> 0
D14: J | E14: 4‐5年 | F14: 401000 | G14: 技師補 | I14: =IF($I$4<4,0,IF($I$4>=6,0,INT(F14/1000))) -> 0 | J14: =IF(I14>0,G14,0) -> 0
D15: K | E15: 0‐3年 | F15: 352000 | G15: 一般社員 | I15: =IF($I$4<=0,0,IF($I$4>=4,0,INT(F15/1000))) -> 0 | J15: =IF(I15>0,G15,0) -> 0
I16: =INT(SUM(I5:I15)) -> 0 | J16: =IF(J5>0,J5,IF(J6>0,J6,IF(J7>0,J7,IF(J8>0,J8,IF(J9>0,J9,IF(J10>0,J10,IF(J11>0,J11,IF(J12>0,J12,0)))))))) -> 0 | K16: =IF(J13>0,J13,IF(J14>0,J14,IF(J15>0,J15,0))) -> 0 | L16: =IF(J16>0,J16,K16) -> 0
B17: b.諸経費
F18: 標準賃率の | I18: =+算出表!F24 -> 0
D19: A | E19: 個人事業者（個人会社・非常勤嘱託） | F19: 0.05 | I19: =IF($I$18=D19,F19,0) -> 0
D20: B | E20: 専業ｺﾝｻﾙﾀﾝﾄ（従業員数10名以下） | F20: 0.15 | I20: =IF($I$18=D20,F20,0) -> 0
D21: C | E21: 専業ｺﾝｻﾙﾀﾝﾄ（従業員数11-50名） | F21: 0.25 | I21: =IF($I$18=D21,F21,0) -> 0
D22: D | E22: 専業ｺﾝｻﾙﾀﾝﾄ（従業員数51名以上） | F22: 0.35 | I22: =IF($I$18=D22,F22,0) -> 0
D23: E | E23: ｺﾝｻﾙﾀﾝﾄ以外の業種（従業員数10名以下） | F23: 0.05 | I23: =IF($I$18=D23,F23,0) -> 0
D24: F | E24: ｺﾝｻﾙﾀﾝﾄ以外の業種（従業員数11-50名） | F24: 0.15 | I24: =IF($I$18=D24,F24,0) -> 0
D25: G | E25: ｺﾝｻﾙﾀﾝﾄ以外の業種（従業員数50名以上） | F25: 0.25 | I25: =IF($I$18=D25,F25,0) -> 0
D26: H1 | E26: ゼネコン | F26: 0.05 | I26: =IF($I$18=D26,F26,0) -> 0
D27: H2 | E27: ゼネコン | F27: 0.1 | I27: =IF($I$18=D27,F27,0) -> 0
D28: H3 | E28: ゼネコン | F28: 0.15 | I28: =IF($I$18=D28,F28,0) -> 0 | J28: =SUM(I19:I28) -> 0
B30: c.技術能力・作業条件
B32: 1. 技術能力評価基準
C34: 1.1 公的資格評価
F37: （円） | I37: =+算出表!F33 -> 0
D38: A | E38: 博士・技術士・ＰＭＰ | F38: 100000 | I38: =IF($I$37=D38,F38/1000,0) -> 0
D39: B | E39: 業務上有効なその他資格 | F39: 30000 | I39: =IF($I$37=D39,F39/1000,0) -> 0
D40: C | E40: 資格なし | F40: 0 | I40: =IF($I$37=D40,F40/1000,0) -> 0 | J40: =SUM(I38:I40) -> 0
C42: 1.2 語学能力評価
F45: （円） | I45: =+算出表!G43 -> 0
D46: A | E46: 極めて良い | F46: 100000 | G46: TOEIC840以上 | I46: =IF($I$45=D46,F46/1000,0) -> 0
D47: B | E47: 良い | F47: 50000 | G47: TOEIC730 - 839 | I47: =IF($I$45=D47,F47/1000,0) -> 0
D48: C | E48: 普通 | F48: 30000 | G48: TOEIC600 - 729 | I48: =IF($I$45=D48,F48/1000,0) -> 0
D49: D | E49: 悪い（資格のない場合を含む） | F49: 0 | G49: TOEIC 599以下 | I49: =IF($I$45=D49,F49/1000,0) -> 0
D50: E | E50: 業務上有効なその他の語学 | F50: 30000 | J50: =SUM(I46:I50) -> 0
C52: 1.3 実績評価 | G52: ISO直近の事後評価に準拠。
G53: 評価を行なっていない場合はEとする。
G54: 下記基準を基に一万円単位で評価金額を記入。
F56: （円） | I56: =+算出表!G60 -> 0
D57: AA | E57: 特に優秀 | F57: 200000 | I57: =IF($I$56=D57,F57/1000,0) -> 0
D58: A | E58: 優秀 | F58: 100000 | I58: =IF($I$56=D58,F58/1000,0) -> 0
D59: B | E59: 良い | F59: 50000 | I59: =IF($I$56=D59,F59/1000,0) -> 0
D60: C | E60: 普通 | F60: 0 | I60: =IF($I$56=D60,F60/1000,0) -> 0
D61: D | E61: 悪い | F61: -100000 | I61: =IF($I$56=D61,F61/1000,0) -> 0
D62: E | E62: 特に悪い | F62: -200000 | I62: =IF($I$56=D62,F62/1000,0) -> 0
D63: F | E63: 業績なし | F63: 0 | I63: =IF($I$56=D63,F63/1000,0) -> 0 | J63: =SUM(I57:I63) -> 0
B67: 2. 作業条件評価基準
C69: 2.1 派遣期間評価基準
F70: 標準賃率の | I70: =+算出表!G65 -> 0
D71: A | E71: 1ヶ月未満 | F71: 0.2
D72: B | E72: 1ヶ月以上3ヶ月未満 | F72: 0.15
D73: C | E73: 3ヶ月以上6ヶ月未満 | F73: 0
D74: D | E74: 6ヶ月以上12ヶ月未満 | F74: -0.15
D75: E | E75: 12ヶ月以上 | F75: -0.2
I76: =IF(I70=0,0,IF(I70<1,F71,IF(I70<3,F72,IF(I70<6,F73,IF(I70<12,F74,F75))))) -> 0
C77: 2.2 業務内容評価
F78: （円） | I78: =+算出表!G75 -> 0
D79: A | E79: 総括・チームリーダー | F79: 100000 | I79: =IF($I$78=D79,F79/1000,0) -> 0
D80: B | E80: 特殊業務 | F80: 50000 | G80: NKで自己消化不可能な業務 | I80: =IF($I$78=D80,F80/1000,0) -> 0
D81: C | E81: 調査・計画業務 | F81: 0 | I81: =IF($I$78=D81,F81/1000,0) -> 0
D82: D | E82: 設計・施工管理業務 | F82: 0 | I82: =IF($I$78=D82,F82/1000,0) -> 0
D83: E | E83: その他補助的業務 | F83: -50000 | I83: =IF($I$78=D83,F83/1000,0) -> 0 | J83: =SUM(I79:I83) -> 0
C85: 2.3 作業環境評価 | G85: 国外旅費規定の内、特別加給手当支給基準に
G86: 準拠する。
F87: （円） | I87: =+算出表!G82 -> 0
D88: A | F88: 90000 | I88: =IF($I$87=D88,F88/1000,0) -> 0
D89: B | F89: 45000 | I89: =IF($I$87=D89,F89/1000,0) -> 0
D90: C | F90: 0 | I90: =IF($I$87=D90,F90/1000,0) -> 0 | J90: =SUM(I88:I90) -> 0
B93: 注意１） 増額調整
E94: 上記の査定の結果、実質増額調整が5％を超える場合は、事業部長の事前承認とします。また、10％を超える場合は
E95: 事業本部長の事前承認とします。
B97: 注意２） JICA主要競合業者への発注
E98: JICA主要競合業者35社への発注は、以下の通りとします。
E99: １）原則的に上記の算定基準に則ることと致します。
E100: ２）ただし、上記の基準に則れない場合は、受注単価の80％を限度として、％での発注を認めます。
E101: ３）％発注の場合、83％を超過する場合は事業部長、90%を超過する場合は事業本部長に事前承認をとることとします。
B103: 注意３） 外人への発注
E104: 外人（個人・法人）への発注は、以下の通りとします。
E105: １）原則的に上記の算定基準を参考にすることと致します。
E106: ２）ただし、業務部が今後国別ガイドラインを策定する。策定後はガイドラインに則ることとします。
E107: ３）外国人への発注にあたっては、円建て契約（原契約と同一通貨契約）を原則とします。
B109: 注意４） 延長手続き
E110: 1）延長に当たっては、派遣期間標準基準に則り通算派遣期間を根拠として、報酬単価を再査定すること。
E111: 2）再査定後の新報酬単価は、延長契約より適用する。
